Workbook
Name GO: #REF!
Name GO: #REF!
Name GO: #REF!
Name GO: #REF!
Name GO: #REF!
Name iw: #REF!
Name iw: #REF!
Name iw: #REF!
Name iw: #REF!
Name iw: #REF!

Sheet Exige Inscrição
B1: DESC_PROGRAMA | C1: DESC_ATIVIDADE | D1: DESC_MODALIDADE | E1: DESC_REALIZACAO | F1: VARIÁVEL DE PRODUÇÃO | G1: ELEGÍVEL AO PCG? | H1: EXIGE INSCRIÇÃO?
A2: =_xlfn.CONCAT(B2:F2) -> CulturaArtes VisuaisSem ModalidadeDebateParticipantes | B2: Cultura | C2: Artes Visuais | D2: Sem Modalidade | E2: Debate | F2: Participantes | G2: Sim | H2: Não
A3: =_xlfn.CONCAT(B3:F3) -> CulturaMúsicaSem ModalidadeApresentaçãoPúblico | B3: Cultura | C3: Música | D3: Sem Modalidade | E3: Apresentação | F3: Público | G3: Sim | H3: Não
A4: =_xlfn.CONCAT(B4:F4) -> CulturaMúsicaSem ModalidadeApresentaçãoPúblico | B4: Cultura | C4: Música | D4: Sem Modalidade | E4: Apresentação | F4: Público | G4: Sim | H4: Não
A5: =_xlfn.CONCAT(B5:F5) -> CulturaMúsicaSem ModalidadeApresentaçãoPúblico | B5: Cultura | C5: Música | D5: Sem Modalidade | E5: Apresentação | F5: Público | G5: Sim | H5: Não
A6: =_xlfn.CONCAT(B6:F6) -> CulturaLiteraturaSem ModalidadeApresentaçãoPúblico | B6: Cultura | C6: Literatura | D6: Sem Modalidade | E6: Apresentação | F6: Público | G6: Sim | H6: Não
A7: =_xlfn.CONCAT(B7:F7) -> CulturaLiteraturaSem ModalidadeApresentaçãoPúblico | B7: Cultura | C7: Literatura | D7: Sem Modalidade | E7: Apresentação | F7: Público | G7: Sim | H7: Não
A8: =_xlfn.CONCAT(B8:F8) -> CulturaArtes CênicasCircoApresentaçãoPúblico | B8: Cultura | C8: Artes Cênicas | D8: Circo | E8: Apresentação | F8: Público | G8: Sim | H8: Não
A9: =_xlfn.CONCAT(B9:F9) -> CulturaArtes CênicasDançaApresentaçãoPúblico | B9: Cultura | C9: Artes Cênicas | D9: Dança | E9: Apresentação | F9: Público | G9: Sim | H9: Não
A10: =_xlfn.CONCAT(B10:F10) -> CulturaArtes CênicasTeatroApresentaçãoPúblico | B10: Cultura | C10: Artes Cênicas | D10: Teatro | E10: Apresentação | F10: Público | G10: Sim | H10: Não
A11: =_xlfn.CONCAT(B11:F11) -> CulturaMúsicaSem ModalidadeApresentaçãoPúblico | B11: Cultura | C11: Música | D11: Sem Modalidade | E11: Apresentação | F11: Público | G11: Sim | H11: Não
A12: =_xlfn.CONCAT(B12:F12) -> CulturaLiteraturaSem ModalidadeApresentaçãoPúblico | B12: Cultura | C12: Literatura | D12: Sem Modalidade | E12: Apresentação | F12: Público | G12: Sim | H12: Não
A13: =_xlfn.CONCAT(B13:F13) -> CulturaLiteraturaSem ModalidadeDebateParticipantes | B13: Cultura | C13: Literatura | D13: Sem Modalidade | E13: Debate | F13: Participantes | G13: Sim | H13: Não
... A168: =_xlfn.CONCAT(B168:F168) -> CulturaMúsicaSem ModalidadeApresentaçãoPúblico | B168: Cultura | C168: Música | D168: Sem Modalidade | E168: Apresentação | F168: Público | G168: Sim | H168: Não

Sheet Produção
A1: DESC_UORC | B1: DESC_PRODUTO2 | C1: DESC_PROGRAMA | D1: DESC_ATIVIDADE | E1: DESC_MODALIDADE | F1: DESC_REALIZACAO | G1: PRODUÇÃO TOTAL | H1: PCG GRATUIDADE | I1: PERIODICIDADE
A2: Gerência de Eventos Finalísticos | B2: Ciclo Sesc | C2: Lazer | D2: Recreação | E2: Sem Modalidade | F2: Passeio recreativo | G2: 600 | H2: 0
A3: Medsesc Oftalmologia II | B3: MedSesc Oftalmologia | C3: Saúde | D3: Educação em Saúde | E3: Sem Modalidade | F3: Orientação | G3: 8576 | H3: 0
A4: Medsesc Oftalmologia I | B4: MedSesc Oftalmologia | C4: Saúde | D4: Educação em Saúde | E4: Sem Modalidade | F4: Orientação | G4: 6244 | H4: 0
A5: Gerência de Eventos Finalísticos | B5: Circuito Sesc de Corridas | C5: Lazer | D5: Desenvolvimento Físico-Esportivo | E5: Eventos Físico-Esportivos | F5: Competição | G5: 3600 | H5: 0
A6: Medsesc Oftalmologia I | B6: MedSesc Oftalmologia | C6: Saúde | D6: Cuidado Terapêutico | E6: Atenção Médica | F6: Clínica Ambulatorial | G6: 7980 | H6: 0
A7: Medsesc Oftalmologia II | B7: MedSesc Oftalmologia | C7: Saúde | D7: Cuidado Terapêutico | E7: Atenção Médica | F7: Clínica Ambulatorial | G7: 8576 | H7: 0
A8: Medsesc Oftalmologia III | B8: MedSesc Oftalmologia | C8: Saúde | D8: Cuidado Terapêutico | E8: Atenção Médica | F8: Clínica Ambulatorial | G8: 6708 | H8: 0
A9: Medsesc Oftalmologia III | B9: MedSesc Oftalmologia | C9: Saúde | D9: Educação em Saúde | E9: Sem Modalidade | F9: Orientação | G9: 6708 | H9: 0
A10: Medsesc Oftalmologia II | B10: Atendimento Primeiros Socorros | C10: Saúde | D10: Cuidado Terapêutico | E10: Atenção de Enfermagem | F10: Rotinas de cuidado | G10: 10 | H10: 0
A11: Medsesc Oftalmologia III | B11: Atendimento Primeiros Socorros | C11: Saúde | D11: Cuidado Terapêutico | E11: Atenção de Enfermagem | F11: Rotinas de cuidado | G11: 12 | H11: 0
A12: Medsesc Oftalmologia I | B12: Atendimento Primeiros Socorros | C12: Saúde | D12: Cuidado Terapêutico | E12: Atenção de Enfermagem | F12: Rotinas de cuidado | G12: 10 | H12: 0
A13: Mesa Brasil Sesc Alto Paranaíba | B13: Mesa Brasil Sesc - Ações Educativas | C13: Assistência | D13: Segurança Alimentar e Apoio Social | E13: Desenvolvimento de Capacidades | F13: Curso | G13: 82 | H13: 0
... A901: Sesc Grussaí | B901: Rotina | C901: Administração | D901: Gestão de Tecnologia da Informação e Telecomunicação | E901: Sem modalidade | F901: Sem Realização | G901: 0 | H901: 0

Sheet Resumo
B1: Comprometimento | C1: Gratuidade | E1: PROGRAMA EDUCAÇÃO | I1: Compulsório Líquido
A2: Meta | B2: =I2*0.33333333333 -> 1.4658825e+08 | C2: =I2*0.1667 -> 73308783 | F2: Comprometimento | G2: Gratuidade | I2: 439764748
A3: Retificativo | B3: =SUM(#REF!) -> #REF! | C3: =SUM(#REF!) -> #REF! | E3: Participação | F3: =F6/B6 -> #REF! | G3: =G6/C6 -> #REF!
A4: Percentual de atingimento | B4: =B3/I2 -> #REF! | C4: =C3/I2 -> #REF!
I5: Execução Orçamentária necessária
A6: Custo Direto | B6: =SUMIFS(#REF!,#REF!,"Sim") -> #REF! | C6: =SUMIFS(#REF!,#REF!,"Sim") -> #REF! | E6: Custo Direto | F6: =SUMIFS(#REF!,#REF!,"Sim",#REF!,"Educação") -> #REF! | G6: =SUMIFS(#REF!,#REF!,"Sim",#REF!,"Educação") -> #REF! | I6: =C2/C3 -> #REF!
A7: Apoio | B7: =SUMIFS(#REF!,#REF!,"Sim") -> #REF! | C7: =SUMIFS(#REF!,#REF!,"Sim") -> #REF! | E7: Apoio | F7: =SUMIFS(#REF!,#REF!,"Sim",#REF!,"Educação") -> #REF! | G7: =SUMIFS(#REF!,#REF!,"Sim",#REF!,"Educação") -> #REF!
A8: Atividades Comuns | B8: =SUMIFS(#REF!,#REF!,"Sim") -> #REF! | C8: =SUMIFS(#REF!,#REF!,"Sim") -> #REF! | E8: Atividades Comuns | F8: =SUMIFS(#REF!,#REF!,"Sim",#REF!,"Educação") -> #REF! | G8: =SUMIFS(#REF!,#REF!,"Sim",#REF!,"Educação") -> #REF!
A9: Administração | B9: =SUMIFS(#REF!,#REF!,"Sim") -> #REF! | C9: =SUMIFS(#REF!,#REF!,"Sim") -> #REF! | E9: Administração | F9: =SUMIFS(#REF!,#REF!,"Sim",#REF!,"Educação") -> #REF! | G9: =SUMIFS(#REF!,#REF!,"Sim",#REF!,"Educação") -> #REF! | I9: Execução Orçamentária atual
A10: Sede | B10: =SUMIFS(#REF!,#REF!,"Sim") -> #REF! | C10: =SUMIFS(#REF!,#REF!,"Sim") -> #REF! | E10: Sede | F10: =SUMIFS(#REF!,#REF!,"Sim",#REF!,"Educação") -> #REF! | G10: =SUMIFS(#REF!,#REF!,"Sim",#REF!,"Educação") -> #REF! | I10: =1-0.3262 -> 0.6738
A12: Custo Direto | B12: =B6/SUM($B$6:$B$10) -> #REF! | C12: =C6/SUM($C$6:$C$10) -> #REF!
A13: Apoio | B13: =B7/SUM($B$6:$B$10) -> #REF! | C13: =C7/SUM($C$6:$C$10) -> #REF! | I13: Investimento extra no PCG para cobrir diferença da Gratuidade
A14: Atividades Comuns | B14: =B8/SUM($B$6:$B$10) -> #REF! | C14: =C8/SUM($C$6:$C$10) -> #REF!
A15: Administração | B15: =B9/SUM($B$6:$B$10) -> #REF! | C15: =C9/SUM($C$6:$C$10) -> #REF! | I15: =C2-C3*I10 -> #REF!
A16: Sede | B16: =B10/SUM($B$6:$B$10) -> #REF! | C16: =C10/SUM($C$6:$C$10) -> #REF!
A20: Representação Unidade | B20: =SUM(B6:B9)/SUM($B$6:$B$10) -> #REF!
A21: Representação Sede | B21: =SUM(B10)/SUM($B$6:$B$10) -> #REF!

Sheet Aplicação_Receita_Compulsória
A2: Programa de Comprometimento e Gratuidade - PCG
A3: Departamento Regional Minas Gerais
A4: Prestação de Contas 2023
A7: APLICAÇÃO DA RECEITA COMPULSÓRIA LÍQUIDA
B8: PREVISTO | C8: REALIZADO
A9: RECEITA COMPULSÓRIA BRUTA | B9: 462618082 | C9: 4.6125354e+08
A10: (-) COMISSÃO PARA A RFB | B10: 9252362 | C10: 9225070.8
A11: SUBTOTAL | B11: 453365720 | C11: =C9-C10 -> 4.5202847e+08
A12: (-) CONTRIBUIÇÃO À CNC / FECOMÉRCIO | B12: 13600972 | C12: 13560854
A13: RECEITA COMPULSÓRIA LÍQUIDA | B13: 439764748 | C13: =C11-C12 -> 4.3846761e+08
A14: VALOR DESTINADO AO PCG - (33,33%) | B14: 1.4657359e+08 | C14: =C13*0.3333 -> 1.4614126e+08
A15: VALOR DESTINADO À GRATUIDADE (METADE DOS 33,33%) | B15: 73308783 | C15: =C13*0.1667 -> 73092551
A16: RECURSOS APLICADOS EM EDUCAÇÃO E/OU AÇÕES EDUCATIVAS DOS DEMAIS PROGRAMAS (SOMATÓRIO DO QUADRO A) | B16: 2.1982793e+08 | C16: 2.2605671e+08
A17: RECURSOS APLICADOS NA GRATUIDADE (SOMATÓRIO DO QUADRO B) | B17: 88877485 | C17: 87625452
F34: =F14+F20+F25+F32 -> 0 | J34: =J14+J20+J25+J32 -> 0

Sheet Quadro PCG (A)
B1: Programa de Comprometimento e Gratuidade (PCG)
B2: (Resoluções Sesc nº 1.389/2018 e 1.401/2018)
B3: Quadro A
C4: Demonstrativo das Metas Previstas/Realizadas Totais do PCG no exercício de 2023
E5: clientes | F5: Total de Inscrições | G5: Departamento Regional Minas Gerais
B6: Programa | C6: Atividade | D6: Modalidade | E6: Realização | F6: Nº de Inscrições (Clientes) | G6: Produção | J6: Valores (R$)
G7: Variável | H7: Previstos | I7: Realizado | J7: Previstos | K7: Realizado
B8: EDUCAÇÃO | C8: Educação Infantil | D8: - | E8: Creche | F8: 223 | G8: Frequência | H8: 148942 | I8: 162713 | J8: 5698359.6 | K8: 5156546.4
E9: Pré-escola | F9: 390 | G9: Frequência | H9: 264649 | I9: 296818 | J9: 12764185 | K9: 11483711
C10: Ensino Fundamental | D10: - | E10: Anos Iniciais | F10: 694 | G10: Frequência | H10: 490643 | I10: 608430 | J10: 16806237 | K10: 17870726
C11: Educação de Jovens e Adultos | D11: - | E11: Alfabetização | F11: 149 | G11: Frequência | H11: 68047 | I11: 57776 | J11: 3103982.8 | K11: 2814815.4
C12: Educação Complementar | D12: Acompanhamento Pedagógico | E12: Curso | F12: 2399 | G12: Frequência | H12: 1082170 | I12: 1066439 | J12: 48274721 | K12: 45127408
D13: Complementação Curricular | E13: Curso | F13: 239 | G13: Frequência | H13: 34640 | I13: 24506 | J13: 1965409.8 | K13: 2735778.4
D14: Aperfeiçoamento Especializado | E14: Congresso | F14: 2156 | G14: Frequência | H14: 2041 | I14: 1827 | J14: 2426804.3 | K14: 5125199
E15: Curso | F15: 26 | G15: Frequência | H15: 1920 | I15: 1708 | J15: 147497.96 | K15: 120715.51
E16: Oficina | F16: 46 | G16: Frequência | H16: 242 | I16: 296 | J16: 149572.3 | K16: 84340.591
E17: Palestra | F17: 904 | G17: Público | H17: 2700 | I17: 650 | J17: 1118314 | K17: 664773.94
C18: Educação em Ciências e Humanidades | D18: Ciências | E18: Oficina | F18: 0 | G18: Frequência | H18: 2464 | I18: 296 | J18: 127100.73 | K18: 0
E19: Palestra | F19: 0 | G19: Público | H19: 1232 | I19: 650 | J19: 19334.06 | K19: 8689.2012
B20: Total Programa Educação | F20: 7226 | J20: 92601519 | K20: 91192703
B21: SAÚDE | C21: Educação em Saúde | D21: - | E21: Orientação | F21: 0 | G21: Participantes | H21: 22287 | I21: 0 | J21: 479114.11 | K21: 873660.31
E22: Palestra | F22: 0 | G22: Público | H22: 3647 | I22: 650 | J22: 479850.25 | K22: 411898.48
B23: Total Programa Saúde | F23: 0 | J23: 958964.36 | K23: 1285558.8
B24: CULTURA | C24: Artes Cênicas | D24: Circo | E24: Apresentação | F24: 0 | G24: Público | H24: 8080 | I24: 13495 | J24: 805336.15 | K24: 727230.31
E25: Debate | F25: 0 | G25: Participantes | H25: 70 | I25: 54 | J25: 499.01855 | K25: 18181.202
E26: Oficina | F26: 160 | G26: Frequência | H26: 647 | I26: 754 | J26: 89157.508 | K26: 180598.29
D27: Dança | E27: Apresentação | F27: 0 | G27: Público | H27: 17120 | I27: 22660 | J27: 3109011.2 | K27: 2957859.9
E28: Curso | F28: 1744 | G28: Frequência | H28: 79763 | I28: 77511 | J28: 5191376.8 | K28: 4321667.5
E29: Debate | F29: 0 | G29: Participantes | H29: 260 | I29: 326 | J29: 27440.31 | K29: 36781.11
E30: Oficina | F30: 2697 | G30: Frequência | H30: 2195 | I30: 5329 | J30: 397933.53 | K30: 527493.72
D31: Teatro | E31: Apresentação | F31: 0 | G31: Público | H31: 59700 | I31: 59464 | J31: 4117813.7 | K31: 4870184.2
E32: Curso | F32: 224 | G32: Frequência | H32: 7465 | I32: 8812 | J32: 1044600 | K32: 715249.01
E33: Debate | F33: 0 | G33: Participantes | H33: 160 | I33: 55 | J33: 59262.658 | K33: 71969.287
E34: Oficina | F34: 271 | G34: Frequência | H34: 1419 | I34: 1046 | J34: 164860.23 | K34: 318989.92
C35: Artes Visuais | D35: - | E35: Curso | F35: 268 | G35: Frequência | H35: 10974 | I35: 9627 | J35: 1251326.6 | K35: 953149.06
E36: Debate | F36: 0 | G36: Participantes | H36: 556 | I36: 253 | J36: 263061.49 | K36: 142279.07
E37: Exposição de arte | F37: 0 | G37: Público | H37: 9440 | I37: 15861 | J37: 459822.4 | K37: 173564.81
E38: Oficina | F38: 645 | G38: Frequência | H38: 1177 | I38: 1360 | J38: 341834.66 | K38: 206009.23
E39: Visita mediada à exposição | F39: 0 | G39: Participantes | H39: 2880 | I39: 919 | J39: 291121.38 | K39: 279567.96
C40: Música | D40: - | E40: Apresentação | F40: 0 | G40: Público | H40: 219090 | I40: 323242 | J40: 19384544 | K40: 28414156
E41: Curso | F41: 1528 | G41: Frequência | H41: 76324 | I41: 62934 | J41: 8807743.6 | K41: 8355601.6
E42: Debate | F42: 0 | G42: Participantes | H42: 201 | I42: 202 | J42: 21910.833 | K42: 60701.244
E43: Oficina | F43: 1677 | G43: Frequência | H43: 2494 | I43: 4461 | J43: 516916.64 | K43: 468228.02
C44: Literatura | D44: - | E44: Apresentação | F44: 0 | G44: Público | H44: 8520 | I44: 4694 | J44: 736992.82 | K44: 889981.36
E45: Debate | F45: 0 | G45: Participantes | H45: 2200 | I45: 1448 | J45: 509472.77 | K45: 343175.05
E46: Oficina | F46: 172 | G46: Frequência | H46: 1564 | I46: 678 | J46: 258479.88 | K46: 138163.96
C47: Audiovisual | D47: - | E47: Curso | F47: 61 | G47: Frequência | H47: 5694 | I47: 2805 | J47: 353923.9 | K47: 412495.03
E48: Debate | F48: 0 | G48: Participantes | H48: 1090 | I48: 1998 | J48: 104275.26 | K48: 171356.53
E49: Exibição | F49: 0 | G49: Público | H49: 13609 | I49: 70517 | J49: 2441876 | K49: 2748115.6
E50: Oficina | F50: 105 | G50: Frequência | H50: 878 | I50: 163 | J50: 237917.11 | K50: 172743.63
C51: Biblioteca | D51: - | E51: Consulta | F51: 0 | G51: Pessoas Presentes | H51: 8084 | I51: 3550 | J51: 132946.77 | K51: 136278.02
E52: Oficina | F52: 107 | G52: Frequência | H52: 274 | I52: 237 | J52: 186354.73 | K52: 75210.781
B53: Total Programa Cultura | F53: 9659 | J53: 51307812 | K53: 58886981
B54: LAZER | C54: Desenvolvimento Físico-Esportivo | D54: Formação Esportiva | E54: Esporte coletivo | F54: 3912 | G54: Frequência | H54: 155828 | I54: 162965 | J54: 8724272.9 | K54: 7982205.4
E55: Esporte individual | F55: 7343 | G55: Frequência | H55: 171231 | I55: 159273 | J55: 14847865 | K55: 12959640
E56: Luta | F56: 1226 | G56: Frequência | H56: 49321 | I56: 44202 | J56: 4381578.2 | K56: 3366361.5
E57: Multipráticas esportivas | F57: 198 | G57: Frequência | H57: 3394 | I57: 4985 | J57: 178915.31 | K57: 2761861.2
C58: Recreação | D58: - | E58: Colônia de Férias | F58: 1330 | G58: Frequência | H58: 7720 | I58: 9141 | J58: 2640092.3 | K58: 2064283.4
C59: Turismo Social | D59: Turismo Emissivo | E59: Excursão | F59: 4762 | G59: Frequência | H59: 29121 | I59: 28038 | J59: 29543466 | K59: 26242852
E60: Passeio | F60: 1270 | G60: Frequência | H60: 1944 | I60: 1220 | J60: 575110.11 | K60: 480194.85
D61: Turismo Receptivo | E61: Passeio Local | F61: 2643 | G61: Frequência | H61: 474 | I61: 2643 | J61: 538192.4 | K61: 738403.66
B62: Total Programa Lazer | F62: 22684 | J62: 61429492 | K62: 56595802
B63: ASSISTÊNCIA | C63: Desenvolvimento Comunitário | D63: - | E63: Curso | F63: 358 | G63: Frequência | H63: 9009 | I63: 6150 | J63: 904665.46 | K63: 867962.24
E64: Encontro | F64: 5698 | G64: Participantes | H64: 2272 | I64: 5724 | J64: 625569.27 | K64: 1443918.5
E65: Oficina | F65: 1721 | G65: Frequência | H65: 5973 | I65: 5152 | J65: 355493.26 | K65: 389894.04
E66: Roda de conversa | F66: 0 | G66: Participantes | H66: 1343 | I66: 2069 | J66: 73603.716 | K66: 73193.87
C67: Segurança Alimentar e Apoio Social | D67: Desenvolvimento de Capacidades | E67: Curso | F67: 718 | G67: Frequência | H67: 11425 | I67: 8841 | J67: 657315.81 | K67: 303129.01
E68: Encontro | F68: 831 | G68: Participantes | H68: 301 | I68: 623 | J68: 118732.93 | K68: 51233.937
E69: Oficina | F69: 424 | G69: Frequência | H69: 3148 | I69: 4883 | J69: 448936.97 | K69: 76853.318
E70: Orientação | F70: 0 | G70: Participantes | H70: 973 | I70: 2251 | J70: 247221.53 | K70: 242934.44
E71: Palestra | F71: 2743 | G71: Público | H71: 789 | I71: 2723 | J71: 230251.33 | K71: 55770.286
C72: Trabalho Social com Grupos | D72: - | E72: Ações de voluntariado | F72: 0 | G72: Participantes | H72: 668 | I72: 1276 | J72: 5418.6948 | K72: 97041.173
E73: Encontro | F73: 35747 | G73: Participantes | H73: 22334 | I73: 40019 | J73: 6744077.8 | K73: 11968325
E74: Oficina | F74: 8565 | G74: Frequência | H74: 99127 | I74: 128138 | J74: 2952942 | K74: 2370243
E75: Reunião | F75: 0 | G75: Participantes | H75: 6450 | I75: 9316 | J75: 165916.35 | K75: 155169.75
B76: Total Programa Assistência | F76: 56805 | J76: 13530145 | K76: 18095669
B78: Total Geral Quadro A | F78: 96374 | J78: 2.1982793e+08 | K78: 2.2605671e+08
B79: Obs.: Este Quadro representa a totalidade do PCG, inclusive a parte da Gratuidade.

Sheet Quadro PCG (B)
B1: Programa de Comprometimento e Gratuidade (PCG)
B2: (Resoluções Sesc nº 1.389/2018 e 1.401/2018)
B3: Quadro B
C4: Demonstrativo das Metas Previstas/Realizadas Gratuitas do PCG no exercício de 2023
G5: Departamento Regional Minas Gerais
B6: Programa | C6: Atividade | D6: Modalidade | E6: Realização | F6: Nº de Inscrições (Clientes) | G6: Produção | J6: Valores (R$)
G7: Variável | H7: Previstos | I7: Realizado | J7: Previstos | K7: Realizado
B8: EDUCAÇÃO | C8: Educação Infantil | D8: - | E8: Creche | F8: 25 | G8: Frequência | H8: 8700.6788 | I8: 16606 | J8: 337859.29 | K8: 541418.04
E9: Pré-escola | F9: 157 | G9: Frequência | H9: 112603.36 | I9: 114552 | J9: 5472828 | K9: 4623116.7
C10: Ensino Fundamental | D10: - | E10: Anos Iniciais | F10: 327 | G10: Frequência | H10: 239919.42 | I10: 287340 | J10: 8073347.4 | K10: 8307829.3
C11: Educação de Jovens e Adultos | D11: - | E11: Alfabetização | F11: 123 | G11: Frequência | H11: 56273.558 | I11: 52384 | J11: 2711071.8 | K11: 2536405.9
C12: Educação Complementar | D12: Acompanhamento Pedagógico | E12: Curso | F12: 1868 | G12: Frequência | H12: 909771.45 | I12: 851947 | J12: 40793082 | K12: 36039732
D13: Complementação Curricular | E13: Curso | F13: 167 | G13: Frequência | H13: 34559.442 | I13: 21223 | J13: 1960952.1 | K13: 2361836.7
B14: Total Programa Educação | F14: 2667 | J14: 59349141 | K14: 54410339
B15: SAÚDE | C15: Educação em Saúde | D15: - | E15: Orientação | F15: 0 | G15: Participantes | H15: 10029.15 | I15: 0 | J15: 215601.35 | K15: 0
E16: Palestra | F16: 0 | G16: Público | H16: 1641.15 | I16: 1590.3 | J16: 215932.61 | K16: 185354.32
B17: Total Programa Saúde | F17: 0 | J17: 431533.96 | K17: 185354.32
B18: CULTURA | C18: Artes Cênicas | D18: Circo | E18: Apresentação | F18: 0 | G18: Público | H18: 3201 | I18: 6072.75 | J18: 425354.92 | K18: 325530.91
E19: Curso | F19: 0 | G19: Frequência | H19: 0 | I19: 0 | J19: 0 | K19: 0
E20: Debate | F20: 0 | G20: Participantes | H20: 31.5 | I20: 24.3 | J20: 224.55835 | K20: 6206.2795
E21: Oficina | F21: 0 | G21: Frequência | H21: 43 | I21: 0 | J21: 46409.543 | K21: 0
D22: Dança | E22: Apresentação | F22: 0 | G22: Público | H22: 6149.4894 | I22: 10203 | J22: 1151097.9 | K22: 1328128.6
E23: Curso | F23: 343 | G23: Frequência | H23: 28140.601 | I23: 28224 | J23: 2115946.3 | K23: 1554405
E24: Debate | F24: 0 | G24: Participantes | H24: 83.25 | I24: 146.7 | J24: 7678.2699 | K24: 9921.1997
E25: Oficina | F25: 134 | G25: Frequência | H25: 500.55058 | I25: 2268 | J25: 146595.9 | K25: 78384.717
D26: Teatro | E26: Apresentação | F26: 0 | G26: Público | H26: 9406.0465 | I26: 27560.8 | J26: 609239.7 | K26: 2182265.3
E27: Curso | F27: 59 | G27: Frequência | H27: 2707.7363 | I27: 3131 | J27: 467501.73 | K27: 96278.775
E28: Debate | F28: 0 | G28: Participantes | H28: 72 | I28: 24.75 | J28: 26668.196 | K28: 30622.328
E29: Oficina | F29: 14 | G29: Frequência | H29: 64 | I29: 54 | J29: 16018.327 | K29: 183.05267
C30: Artes Visuais | D30: - | E30: Curso | F30: 26 | G30: Frequência | H30: 635.84416 | I30: 205 | J30: 100444.51 | K30: 0
E31: Debate | F31: 0 | G31: Participantes | H31: 241.7 | I31: 113.85 | J31: 123048.37 | K31: 64025.583
E32: Exposição de arte | F32: 0 | G32: Público | H32: 4248 | I32: 7137.45 | J32: 206920.08 | K32: 76529.164
E33: Visita mediada à exposição | F33: 0 | G33: Participantes | H33: 2424.2637 | I33: 438.55 | J33: 240650.79 | K33: 124371.21
C34: Música | D34: - | E34: Apresentação | F34: 0 | G34: Público | H34: 90481.5 | I34: 145516.9 | J34: 8723044.7 | K34: 12773484
E35: Curso | F35: 599 | G35: Frequência | H35: 41687.945 | I35: 35861 | J35: 5803762.9 | K35: 4385731.4
E36: Debate | F36: 0 | G36: Participantes | H36: 90.45 | I36: 90.9 | J36: 9859.8748 | K36: 27315.56
E37: Oficina | F37: 64 | G37: Frequência | H37: 297.65625 | I37: 207 | J37: 90839.189 | K37: 36022.42
C38: Literatura | D38: - | E38: Apresentação | F38: 0 | G38: Público | H38: 3834 | I38: 2112.3 | J38: 329270.41 | K38: 394653.82
E39: Debate | F39: 0 | G39: Participantes | H39: 990 | I39: 651.6 | J39: 229262.75 | K39: 150285.93
C40: Audiovisual | D40: - | E40: Curso | F40: 10 | G40: Frequência | H40: 4664.5385 | I40: 501 | J40: 202873.45 | K40: 87570.709
E41: Debate | F41: 0 | G41: Participantes | H41: 490.5 | I41: 899.1 | J41: 46923.866 | K41: 76660.437
E42: Exibição | F42: 0 | G42: Público | H42: 4364.9186 | I42: 31926.65 | J42: 803696.57 | K42: 1233839.5
E43: Oficina | F43: 4 | G43: Frequência | H43: 142.8 | I43: 32 | J43: 78862.278 | K43: 17144.256
C44: Biblioteca | D44: - | E44: Consulta | F44: 0 | G44: Pessoas Presentes | H44: 3637.8 | I44: 1597.5 | J44: 38438.153 | K44: 61325.111
E45: Oficina | F45: 0 | G45: Frequência | H45: 60.142857 | I45: 0 | J45: 38051.708 | K45: 0
B46: Total Programa Cultura | F46: 1253 | J46: 22078685 | K46: 25120885
B47: LAZER | C47: Desenvolvimento Físico-Esportivo | D47: Formação Esportiva | E47: Esporte coletivo | F47: 544 | G47: Frequência | H47: 32122.234 | I47: 29256 | J47: 1792924 | K47: 1657554
E48: Esporte individual | F48: 321 | G48: Frequência | H48: 23224.867 | I48: 10741 | J48: 1885902.3 | K48: 1064453.8
E49: Luta | F49: 312 | G49: Frequência | H49: 17060.131 | I49: 11253 | J49: 1201579 | K49: 713047.63
E50: Multipráticas esportivas | F50: 15 | G50: Frequência | H50: 816 | I50: 491 | J50: 3683.8446 | K50: 119839.44
B51: Total Programa Lazer | F51: 1192 | J51: 4884089.1 | K51: 3554894.9
B52: ASSISTÊNCIA | C52: Desenvolvimento Comunitário | D52: - | E52: Curso | F52: 58 | G52: Frequência | H52: 3594.75 | I52: 1482 | J52: 570809.84 | K52: 213928.95
E53: Encontro | F53: 0 | G53: Participantes | H53: 0 | I53: 0 | J53: 0 | K53: 1702.109
E54: Roda de conversa | F54: 0 | G54: Participantes | H54: 604.35 | I54: 0 | J54: 33121.672 | K54: 32937.242
C55: Segurança Alimentar e Apoio Social | D55: Desenvolvimento de Capacidades | E55: Orientação | F55: 0 | G55: Participantes | H55: 437.85 | I55: 0 | J55: 111249.69 | K55: 109320.5
C56: Trabalho Social com Grupos | D56: - | E56: Ações de voluntariado | F56: 0 | G56: Participantes | H56: 273.6 | I56: 205 | J56: 2438.4126 | K56: 43668.528
E57: Encontro | F57: 2081 | G57: Participantes | H57: 1402.5226 | I57: 11675 | J57: 521070.97 | K57: 2993233.8
E58: Oficina | F58: 1634 | G58: Frequência | H58: 22663.871 | I58: 52594 | J58: 811599.07 | K58: 889361.24
E59: Reunião | F59: 0 | G59: Participantes | H59: 2841.752 | I59: 3632 | J59: 83746.369 | K59: 69826.386
B60: Total Programa Assistência | F60: 3773 | J60: 2134036 | K60: 4353978.8
B62: Total Geral Quadro B | F62: 8885 | J62: 88877485 | K62: 87625452

Sheet Vagas - Realização
C1: Item. 9.1.6 - Acórdão Nº 699/16
C2: Departamento Regional Minas Gerais | O2: Ano: 2023
C3: CÓDIGO | D3: PROGRAMA | E3: TOTAL DE VAGAS | H3: VAGAS GRATUITAS | K3: VAGAS GRATUIDADE PCG | N3: % Part. Gratuidade (PCG)
E4: Previstas | F4: Realizadas | G4: Nível de Realização | H4: Previstas | I4: Realizadas | J4: Nível de Realização | K4: Previstas | L4: Realizadas | M4: Nível de Realização | N4: Previstas | O4: Realizadas
C5: 1 | D5: Educação
C6: 1.1 | D6: Educação Infantil | G6: =IFERROR(F6/E6,"-") -> -
A7: =D5&D6&"Sem Modalidade"&D7 -> EducaçãoEducação InfantilSem ModalidadeCreche | C7: 1.1.0.1 | D7: Creche | E7: 216 | F7: =SUMIFS(#REF!,#REF!,"Total de Inscrições",#REF!,'Vagas - Realização'!A7) -> #REF! | G7: =IFERROR(F7/E7,"-") -> - | J7: =IFERROR(I7/H7,"-") -> - | K7: 12.593337 | L7: =SUMIFS(#REF!,#REF!,'Vagas - Realização'!A7) -> #REF! | M7: =IFERROR(L7/K7,"-") -> - | N7: =IFERROR(K7/E7,"-") -> 0.058302485 | O7: =IFERROR(L7/F7,"-") -> -
A8: =D5&D6&"Sem Modalidade"&D8 -> EducaçãoEducação InfantilSem ModalidadePré-Escola | C8: 1.1.0.2 | D8: Pré-Escola | E8: 392 | F8: =SUMIFS(#REF!,#REF!,"Total de Inscrições",#REF!,'Vagas - Realização'!A8) -> #REF! | G8: =IFERROR(F8/E8,"-") -> - | J8: =IFERROR(I8/H8,"-") -> - | K8: 163.65218 | L8: =SUMIFS(#REF!,#REF!,'Vagas - Realização'!A8) -> #REF! | M8: =IFERROR(L8/K8,"-") -> - | N8: =IFERROR(K8/E8,"-") -> 0.41748004 | O8: =IFERROR(L8/F8,"-") -> -
C9: 1.2 | D9: Ensino Fundamental
A10: =D5&D9&"Sem Modalidade"&D10 -> EducaçãoEnsino FundamentalSem ModalidadeAnos iniciais | C10: 1.2.0.1 | D10: Anos iniciais | E10: 683 | F10: =SUMIFS(#REF!,#REF!,"Total de Inscrições",#REF!,'Vagas - Realização'!A10) -> #REF! | G10: =IFERROR(F10/E10,"-") -> - | J10: =IFERROR(I10/H10,"-") -> - | K10: 334.27533 | L10: =SUMIFS(#REF!,#REF!,'Vagas - Realização'!A10) -> #REF! | M10: =IFERROR(L10/K10,"-") -> - | N10: =IFERROR(K10/E10,"-") -> 0.48942215 | O10: =IFERROR(L10/F10,"-") -> -
C11: 1.4 | D11: Educação de Jovens e Adultos
A12: =D5&D11&"Sem Modalidade"&D12 -> EducaçãoEducação de Jovens e AdultosSem ModalidadeAlfabetização | C12: 1.4.0.1 | D12: Alfabetização | E12: 164 | F12: =SUMIFS(#REF!,#REF!,"Total de Inscrições",#REF!,'Vagas - Realização'!A12) -> #REF! | G12: =IFERROR(F12/E12,"-") -> - | J12: =IFERROR(I12/H12,"-") -> - | K12: 134.7911 | L12: =SUMIFS(#REF!,#REF!,'Vagas - Realização'!A12) -> #REF! | M12: =IFERROR(L12/K12,"-") -> - | N12: =IFERROR(K12/E12,"-") -> 0.82189697 | O12: =IFERROR(L12/F12,"-") -> -
C13: 1.5 | D13: Educação Complementar
C14: 1.5.1 | D14: Acompanhamento Pedagógico
A15: =D5&D13&"Acompanhamento Pedagógico"&D15 -> EducaçãoEducação ComplementarAcompanhamento PedagógicoCurso | C15: 1.5.1.1 | D15: Curso | E15: 2619 | F15: =SUMIFS(#REF!,#REF!,"Total de Inscrições",#REF!,'Vagas - Realização'!A15) -> #REF! | G15: =IFERROR(F15/E15,"-") -> - | J15: =IFERROR(I15/H15,"-") -> - | K15: 2209.286 | L15: =SUMIFS(#REF!,#REF!,'Vagas - Realização'!A15) -> #REF! | M15: =IFERROR(L15/K15,"-") -> - | N15: =IFERROR(K15/E15,"-") -> 0.84356092 | O15: =IFERROR(L15/F15,"-") -> -
C16: 1.5.2 | D16: Complementação Curricular
A17: =D5&D13&"Complementação Curricular"&D17 -> EducaçãoEducação ComplementarComplementação CurricularCurso | C17: 1.5.2.1 | D17: Curso | E17: 252 | F17: =SUMIFS(#REF!,#REF!,"Total de Inscrições",#REF!,'Vagas - Realização'!A17) -> #REF! | G17: =IFERROR(F17/E17,"-") -> - | J17: =IFERROR(I17/H17,"-") -> - | K17: 251.41395 | L17: =SUMIFS(#REF!,#REF!,'Vagas - Realização'!A17) -> #REF! | M17: =IFERROR(L17/K17,"-") -> - | N17: =IFERROR(K17/E17,"-") -> 0.99767442 | O17: =IFERROR(L17/F17,"-") -> -
C18: 1.53 | D18: Aperfeiçoamento Especializado
A19: =D5&D13&"Aperfeiçoamento Especializado"&D19 -> EducaçãoEducação ComplementarAperfeiçoamento EspecializadoCongresso | C19: 1.5.3.1 | D19: Congresso | E19: 1131 | F19: =SUMIFS(#REF!,#REF!,"Total de Inscrições",#REF!,'Vagas - Realização'!A19) -> #REF! | G19: =IFERROR(F19/E19,"-") -> - | J19: =IFERROR(I19/H19,"-") -> - | K19: 0 | L19: =SUMIFS(#REF!,#REF!,'Vagas - Realização'!A19) -> #REF! | M19: =IFERROR(L19/K19,"-") -> - | N19: =IFERROR(K19/E19,"-") -> 0 | O19: =IFERROR(L19/F19,"-") -> -
A20: =D5&D13&"Aperfeiçoamento Especializado"&D20 -> EducaçãoEducação ComplementarAperfeiçoamento EspecializadoCurso | C20: 1.5.3.2 | D20: Curso | E20: 20 | F20: =SUMIFS(#REF!,#REF!,"Total de Inscrições",#REF!,'Vagas - Realização'!A20) -> #REF! | G20: =IFERROR(F20/E20,"-") -> - | J20: =IFERROR(I20/H20,"-") -> - | K20: 0 | L20: =SUMIFS(#REF!,#REF!,'Vagas - Realização'!A20) -> #REF! | M20: =IFERROR(L20/K20,"-") -> - | N20: =IFERROR(K20/E20,"-") -> 0 | O20: =IFERROR(L20/F20,"-") -> -
A21: =D5&D13&"Aperfeiçoamento Especializado"&D21 -> EducaçãoEducação ComplementarAperfeiçoamento EspecializadoOficina | C21: 1.5.3.3 | D21: Oficina | E21: 100 | F21: =SUMIFS(#REF!,#REF!,"Total de Inscrições",#REF!,'Vagas - Realização'!A21) -> #REF! | G21: =IFERROR(F21/E21,"-") -> - | J21: =IFERROR(I21/H21,"-") -> - | K21: 0 | L21: =SUMIFS(#REF!,#REF!,'Vagas - Realização'!A21) -> #REF! | M21: =IFERROR(L21/K21,"-") -> - | N21: =IFERROR(K21/E21,"-") -> 0 | O21: =IFERROR(L21/F21,"-") -> -
A22: =D5&D13&"Aperfeiçoamento Especializado"&D22 -> EducaçãoEducação ComplementarAperfeiçoamento EspecializadoPalestra | C22: 1.5.3.4 | D22: Palestra | E22: 2700 | F22: =SUMIFS(#REF!,#REF!,"Total de Inscrições",#REF!,'Vagas - Realização'!A22) -> #REF! | G22: =IFERROR(F22/E22,"-") -> - | J22: =IFERROR(I22/H22,"-") -> - | K22: 0 | L22: =SUMIFS(#REF!,#REF!,'Vagas - Realização'!A22) -> #REF! | M22: =IFERROR(L22/K22,"-") -> - | N22: =IFERROR(K22/E22,"-") -> 0 | O22: =IFERROR(L22/F22,"-") -> -
C23: 1.7 | D23: Educação em Ciências e Humanidades
C24: 1.7.1 | D24: Ciências
A25: =D5&D23&"Ciências"&D25 -> EducaçãoEducação em Ciências e HumanidadesCiênciasOficina | C25: 1.7.1.4 | D25: Oficina | E25: 1760 | F25: =SUMIFS(#REF!,#REF!,"Total de Inscrições",#REF!,'Vagas - Realização'!A25) -> #REF! | G25: =IFERROR(F25/E25,"-") -> - | J25: =IFERROR(I25/H25,"-") -> - | K25: 0 | L25: =SUMIFS(#REF!,#REF!,'Vagas - Realização'!A25) -> #REF! | M25: =IFERROR(L25/K25,"-") -> - | N25: =IFERROR(K25/E25,"-") -> 0 | O25: =IFERROR(L25/F25,"-") -> -
A26: =D5&D23&"Ciências"&D26 -> EducaçãoEducação em Ciências e HumanidadesCiênciasPalestra | C26: 1.7.1.5 | D26: Palestra | E26: 1760 | F26: =SUMIFS(#REF!,#REF!,"Total de Inscrições",#REF!,'Vagas - Realização'!A26) -> #REF! | G26: =IFERROR(F26/E26,"-") -> - | J26: =IFERROR(I26/H26,"-") -> - | K26: 0 | L26: =SUMIFS(#REF!,#REF!,'Vagas - Realização'!A26) -> #REF! | M26: =IFERROR(L26/K26,"-") -> - | N26: =IFERROR(K26/E26,"-") -> 0 | O26: =IFERROR(L26/F26,"-") -> -
D27: Total do Programa | E27: =SUM(E6:E26) -> 11797 | F27: =SUM(F6:F26) -> #REF! | G27: =IFERROR(F27/E27,"-") -> - | H27: =SUM(H6:H20) -> 0 | I27: =SUM(I6:I20) -> 0 | J27: =IFERROR(I27/H27,"-") -> - | K27: =SUM(K6:K26) -> 3106.0119 | L27: =SUM(L6:L26) -> #REF! | M27: =IFERROR(L27/K27,"-") -> - | N27: =IFERROR(K27/E27,"-") -> 0.26328829 | O27: =IFERROR(L27/F27,"-") -> -
C28: 3 | D28: Cultura
C29: 3.1 | D29: Artes Cênicas
C30: 3.1.1 | D30: Circo
A31: =D28&D29&"Circo"&D31 -> CulturaArtes CênicasCircoOficina | C31: 3.1.1.8 | D31: Oficina | E31: 76 | F31: =SUMIFS(#REF!,#REF!,"Total de Inscrições",#REF!,'Vagas - Realização'!A31) -> #REF! | G31: =IFERROR(F31/E31,"-") -> - | J31: =IFERROR(I31/H31,"-") -> - | K31: 25 | L31: =SUMIFS(#REF!,#REF!,'Vagas - Realização'!A31) -> #REF! | M31: =IFERROR(L31/K31,"-") -> - | N31: =IFERROR(K31/E31,"-") -> 0.32894737 | O31: =IFERROR(L31/F31,"-") -> -
C32: 3.1.2 | D32: Dança
A33: =D28&D29&"Dança"&D33 -> CulturaArtes CênicasDançaCurso | C33: 3.1.2.2 | D33: Curso | E33: 1545 | F33: =SUMIFS(#REF!,#REF!,"Total de Inscrições",#REF!,'Vagas - Realização'!A33) -> #REF! | G33: =IFERROR(F33/E33,"-") -> - | J33: =IFERROR(I33/H33,"-") -> - | K33: 405.3197 | L33: =SUMIFS(#REF!,#REF!,'Vagas - Realização'!A33) -> #REF! | M33: =IFERROR(L33/K33,"-") -> - | N33: =IFERROR(K33/E33,"-") -> 0.26234285 | O33: =IFERROR(L33/F33,"-") -> -
A34: =D28&D29&"Dança"&D34 -> CulturaArtes CênicasDançaOficina | C34: 3.1.2.8 | D34: Oficina | E34: 850 | F34: =SUMIFS(#REF!,#REF!,"Total de Inscrições",#REF!,'Vagas - Realização'!A34) -> #REF! | G34: =IFERROR(F34/E34,"-") -> - | J34: =IFERROR(I34/H34,"-") -> - | K34: 243.04196 | L34: =SUMIFS(#REF!,#REF!,'Vagas - Realização'!A34) -> #REF! | M34: =IFERROR(L34/K34,"-") -> - | N34: =IFERROR(K34/E34,"-") -> 0.28593172 | O34: =IFERROR(L34/F34,"-") -> -
C35: 3.1.3 | D35: Teatro
A36: =D28&D29&"Teatro"&D36 -> CulturaArtes CênicasTeatroCurso | C36: 3.1.3.2 | D36: Curso | E36: 185 | F36: =SUMIFS(#REF!,#REF!,"Total de Inscrições",#REF!,'Vagas - Realização'!A36) -> #REF! | G36: =IFERROR(F36/E36,"-") -> - | J36: =IFERROR(I36/H36,"-") -> - | K36: 72.314402 | L36: =SUMIFS(#REF!,#REF!,'Vagas - Realização'!A36) -> #REF! | M36: =IFERROR(L36/K36,"-") -> - | N36: =IFERROR(K36/E36,"-") -> 0.39088866 | O36: =IFERROR(L36/F36,"-") -> -
A37: =D28&D29&"Teatro"&D37 -> CulturaArtes CênicasTeatroOficina | C37: 3.1.3.8 | D37: Oficina | E37: 312 | F37: =SUMIFS(#REF!,#REF!,"Total de Inscrições",#REF!,'Vagas - Realização'!A37) -> #REF! | G37: =IFERROR(F37/E37,"-") -> - | J37: =IFERROR(I37/H37,"-") -> - | K37: 38 | L37: =SUMIFS(#REF!,#REF!,'Vagas - Realização'!A37) -> #REF! | M37: =IFERROR(L37/K37,"-") -> - | N37: =IFERROR(K37/E37,"-") -> 0.12179487 | O37: =IFERROR(L37/F37,"-") -> -
A38: =D28&D29&"Teatro"&D38 -> CulturaArtes CênicasTeatroPalestra | C38: 3.1.3.9 | D38: Palestra | E38: 0 | F38: =SUMIFS(#REF!,#REF!,"Total de Inscrições",#REF!,'Vagas - Realização'!A38) -> #REF! | G38: =IFERROR(F38/E38,"-") -> - | J38: =IFERROR(I38/H38,"-") -> - | K38: 0 | L38: =SUMIFS(#REF!,#REF!,'Vagas - Realização'!A38) -> #REF! | M38: =IFERROR(L38/K38,"-") -> - | N38: =IFERROR(K38/E38,"-") -> - | O38: =IFERROR(L38/F38,"-") -> - | Q38: Não está na meta
C39: 3.2 | D39: Artes Visuais
A40: =D28&D39&"Sem Modalidade"&D40 -> CulturaArtes VisuaisSem ModalidadeCurso | C40: 3.2.0.1 | D40: Curso | E40: 287 | F40: =SUMIFS(#REF!,#REF!,"Total de Inscrições",#REF!,'Vagas - Realização'!A40) -> #REF! | G40: =IFERROR(F40/E40,"-") -> - | J40: =IFERROR(I40/H40,"-") -> - | K40: 9.9350649 | L40: ='[1]Quadro PCG (B)'!F21 -> 20 | M40: =IFERROR(L40/K40,"-") -> 2.0130719 | N40: =IFERROR(K40/E40,"-") -> 0.034616951 | O40: =IFERROR(L40/F40,"-") -> -
A41: =D28&D39&"Sem Modalidade"&D41 -> CulturaArtes VisuaisSem ModalidadeOficina | C41: 3.2.0.2 | D41: Oficina | E41: 525 | F41: =SUMIFS(#REF!,#REF!,"Total de Inscrições",#REF!,'Vagas - Realização'!A41) -> #REF! | G41: =IFERROR(F41/E41,"-") -> - | J41: =IFERROR(I41/H41,"-") -> - | K41: 0 | L41: =SUMIFS(#REF!,#REF!,'Vagas - Realização'!A41) -> #REF! | M41: =IFERROR(L41/K41,"-") -> - | N41: =IFERROR(K41/E41,"-") -> 0 | O41: =IFERROR(L41/F41,"-") -> - | Q41: Não está na meta
C42: 3.3 | D42: Música
A43: =D28&D42&"Sem Modalidade"&D43 -> CulturaMúsicaSem ModalidadeCurso | C43: 3.3.0.2 | D43: Curso | E43: 1223 | F43: =SUMIFS(#REF!,#REF!,"Total de Inscrições",#REF!,'Vagas - Realização'!A43) -> #REF! | G43: =IFERROR(F43/E43,"-") -> - | J43: =IFERROR(I43/H43,"-") -> - | K43: 552.22774 | L43: =SUMIFS(#REF!,#REF!,'Vagas - Realização'!A43) -> #REF! | M43: =IFERROR(L43/K43,"-") -> - | N43: =IFERROR(K43/E43,"-") -> 0.45153535 | O43: =IFERROR(L43/F43,"-") -> -
A44: =D28&D42&"Sem Modalidade"&D44 -> CulturaMúsicaSem ModalidadeOficina | C44: 3.3.0.8 | D44: Oficina | E44: 1018 | F44: =SUMIFS(#REF!,#REF!,"Total de Inscrições",#REF!,'Vagas - Realização'!A44) -> #REF! | G44: =IFERROR(F44/E44,"-") -> - | J44: =IFERROR(I44/H44,"-") -> - | K44: 198.4375 | L44: =SUMIFS(#REF!,#REF!,'Vagas - Realização'!A44) -> #REF! | M44: =IFERROR(L44/K44,"-") -> - | N44: =IFERROR(K44/E44,"-") -> 0.19492878 | O44: =IFERROR(L44/F44,"-") -> -
C45: 3.4 | D45: Literatura
A46: =D28&D45&"Sem Modalidade"&D46 -> CulturaLiteraturaSem ModalidadeOficina | C46: 3.4.0.9 | D46: Oficina | E46: 433 | F46: =SUMIFS(#REF!,#REF!,"Total de Inscrições",#REF!,'Vagas - Realização'!A46) -> #REF! | G46: =IFERROR(F46/E46,"-") -> - | J46: =IFERROR(I46/H46,"-") -> - | K46: 0 | L46: =SUMIFS(#REF!,#REF!,'Vagas - Realização'!A46) -> #REF! | M46: =IFERROR(L46/K46,"-") -> - | N46: =IFERROR(K46/E46,"-") -> 0 | O46: =IFERROR(L46/F46,"-") -> -
C47: 3.5 | D47: Audiovisual
A48: =D28&D47&"Sem Modalidade"&D48 -> CulturaAudiovisualSem ModalidadeCurso | C48: 3.5.0.1 | D48: Curso | E48: 78 | F48: =SUMIFS(#REF!,#REF!,"Total de Inscrições",#REF!,'Vagas - Realização'!A48) -> #REF! | G48: =IFERROR(F48/E48,"-") -> - | J48: =IFERROR(I48/H48,"-") -> - | K48: 60.384615 | L48: =SUMIFS(#REF!,#REF!,'Vagas - Realização'!A48) -> #REF! | M48: =IFERROR(L48/K48,"-") -> - | N48: =IFERROR(K48/E48,"-") -> 0.77416174 | O48: =IFERROR(L48/F48,"-") -> -
A49: =D28&D47&"Sem Modalidade"&D49 -> CulturaAudiovisualSem ModalidadeOficina | C49: 3.5.0.9 | D49: Oficina | E49: 244 | F49: =SUMIFS(#REF!,#REF!,"Total de Inscrições",#REF!,'Vagas - Realização'!A49) -> #REF! | G49: =IFERROR(F49/E49,"-") -> - | J49: =IFERROR(I49/H49,"-") -> - | K49: 28 | L49: =SUMIFS(#REF!,#REF!,'Vagas - Realização'!A49) -> #REF! | M49: =IFERROR(L49/K49,"-") -> - | N49: =IFERROR(K49/E49,"-") -> 0.1147541 | O49: =IFERROR(L49/F49,"-") -> -
C50: 3.6 | D50: Biblioteca
A51: =D30&D50&"Sem Modalidade"&D51 -> CircoBibliotecaSem ModalidadeOficina | C51: 3.6.0.4 | D51: Oficina | E51: 152 | F51: =SUMIFS(#REF!,#REF!,"Total de Inscrições",#REF!,'Vagas - Realização'!A51) -> #REF! | G51: =IFERROR(F51/E51,"-") -> - | J51: =IFERROR(I51/H51,"-") -> - | K51: 33.285714 | L51: =SUMIFS(#REF!,#REF!,'Vagas - Realização'!A51) -> #REF! | M51: =IFERROR(L51/K51,"-") -> - | N51: =IFERROR(K51/E51,"-") -> 0.21898496 | O51: =IFERROR(L51/F51,"-") -> -
D52: Total do Programa | E52: =SUM(E29:E51) -> 6928 | F52: =SUM(F29:F51) -> #REF! | G52: =IFERROR(F52/E52,"-") -> - | H52: =SUM(H29:H48) -> 0 | I52: =SUM(I29:I48) -> 0 | J52: =IFERROR(I52/H52,"-") -> - | K52: =SUM(K29:K51) -> 1665.9467 | L52: =SUM(L29:L51) -> #REF! | M52: =IFERROR(L52/K52,"-") -> - | N52: =IFERROR(K52/E52,"-") -> 0.24046575 | O52: =IFERROR(L52/F52,"-") -> -
C53: 4 | D53: Lazer
C54: 4.1 | D54: Desenvolvimento Físico-Esportivo
C55: 4.1.4 | D55: Formação Esportiva
A56: =D53&D54&"Formação Esportiva"&D56 -> LazerDesenvolvimento Físico-EsportivoFormação EsportivaEsporte Coletivo | C56: 4.1.4.1 | D56: Esporte Coletivo | E56: 4175 | F56: =SUMIFS(#REF!,#REF!,"Total de Inscrições",#REF!,'Vagas - Realização'!A56) -> #REF! | G56: =IFERROR(F56/E56,"-") -> - | J56: =IFERROR(I56/H56,"-") -> - | K56: 874.6881 | L56: =SUMIFS(#REF!,#REF!,'Vagas - Realização'!A56) -> #REF! | M56: =IFERROR(L56/K56,"-") -> - | N56: =IFERROR(K56/E56,"-") -> 0.20950613 | O56: =IFERROR(L56/F56,"-") -> -
A57: =D53&D54&"Formação Esportiva"&D57 -> LazerDesenvolvimento Físico-EsportivoFormação EsportivaEsporte Individual | C57: 4.1.4.2 | D57: Esporte Individual | E57: 6269 | F57: =SUMIFS(#REF!,#REF!,"Total de Inscrições",#REF!,'Vagas - Realização'!A57) -> #REF! | G57: =IFERROR(F57/E57,"-") -> - | J57: =IFERROR(I57/H57,"-") -> - | K57: 814.83945 | L57: =SUMIFS(#REF!,#REF!,'Vagas - Realização'!A57) -> #REF! | M57: =IFERROR(L57/K57,"-") -> - | N57: =IFERROR(K57/E57,"-") -> 0.12997918 | O57: =IFERROR(L57/F57,"-") -> -
A58: =D53&D54&"Formação Esportiva"&D58 -> LazerDesenvolvimento Físico-EsportivoFormação EsportivaLuta | C58: 4.1.4.4 | D58: Luta | E58: 1113 | F58: =SUMIFS(#REF!,#REF!,"Total de Inscrições",#REF!,'Vagas - Realização'!A58) -> #REF! | G58: =IFERROR(F58/E58,"-") -> - | J58: =IFERROR(I58/H58,"-") -> - | K58: 322.8783 | L58: =SUMIFS(#REF!,#REF!,'Vagas - Realização'!A58) -> #REF! | M58: =IFERROR(L58/K58,"-") -> - | N58: =IFERROR(K58/E58,"-") -> 0.29009731 | O58: =IFERROR(L58/F58,"-") -> -
A59: =D53&D54&"Formação Esportiva"&D59 -> LazerDesenvolvimento Físico-EsportivoFormação EsportivaMultipráticas Esportivas | C59: 4.1.4.5 | D59: Multipráticas Esportivas | E59: 143 | F59: =SUMIFS(#REF!,#REF!,"Total de Inscrições",#REF!,'Vagas - Realização'!A59) -> #REF! | G59: =IFERROR(F59/E59,"-") -> - | J59: =IFERROR(I59/H59,"-") -> - | K59: 19.5 | L59: =SUMIFS(#REF!,#REF!,'Vagas - Realização'!A59) -> #REF! | M59: =IFERROR(L59/K59,"-") -> - | N59: =IFERROR(K59/E59,"-") -> 0.13636364 | O59: =IFERROR(L59/F59,"-") -> -
C60: 4.2 | D60: Recreação
A61: =D53&D60&"Sem Modalidade"&D61 -> LazerRecreaçãoSem ModalidadeColônia de Férias | C61: 4.2.0.1 | D61: Colônia de Férias | E61: 903 | F61: =SUMIFS(#REF!,#REF!,"Total de Inscrições",#REF!,'Vagas - Realização'!A61) -> #REF! | G61: =IFERROR(F61/E61,"-") -> - | J61: =IFERROR(I61/H61,"-") -> - | K61: 0 | L61: =SUMIFS(#REF!,#REF!,'Vagas - Realização'!A61) -> #REF! | M61: =IFERROR(L61/K61,"-") -> - | N61: =IFERROR(K61/E61,"-") -> 0 | O61: =IFERROR(L61/F61,"-") -> -
C62: 4.3 | D62: Turismo Social
C63: 4.3.1 | D63: Turismo Emissivo
A64: =D53&D62&"Turismo Emissivo"&D64 -> LazerTurismo SocialTurismo EmissivoExcursão | C64: 4.3.1.1 | D64: Excursão | E64: 4958 | F64: =SUMIFS(#REF!,#REF!,"Total de Inscrições",#REF!,'Vagas - Realização'!A64) -> #REF! | G64: =IFERROR(F64/E64,"-") -> - | J64: =IFERROR(I64/H64,"-") -> - | K64: 0 | L64: =SUMIFS(#REF!,#REF!,'Vagas - Realização'!A64) -> #REF! | M64: =IFERROR(L64/K64,"-") -> - | N64: =IFERROR(K64/E64,"-") -> 0 | O64: =IFERROR(L64/F64,"-") -> -
A65: =D53&D62&"Turismo Emissivo"&D65 -> LazerTurismo SocialTurismo EmissivoPasseio | C65: 4.3.1.2 | D65: Passeio | E65: 1944 | F65: =SUMIFS(#REF!,#REF!,"Total de Inscrições",#REF!,'Vagas - Realização'!A65) -> #REF! | G65: =IFERROR(F65/E65,"-") -> - | J65: =IFERROR(I65/H65,"-") -> - | K65: 0 | L65: =SUMIFS(#REF!,#REF!,'Vagas - Realização'!A65) -> #REF! | M65: =IFERROR(L65/K65,"-") -> - | N65: =IFERROR(K65/E65,"-") -> 0 | O65: =IFERROR(L65/F65,"-") -> -
C66: 4.3.2 | D66: Turismo Receptivo
A67: =D54&D62&"Turismo Receptivo"&D67 -> Desenvolvimento Físico-EsportivoTurismo SocialTurismo ReceptivoPasseio Local | C67: 4.3.2.3 | D67: Passeio Local | E67: 474 | F67: =SUMIFS(#REF!,#REF!,"Total de Inscrições",#REF!,'Vagas - Realização'!A67) -> #REF! | G67: =IFERROR(F67/E67,"-") -> - | J67: =IFERROR(I67/H67,"-") -> - | K67: 0 | L67: =SUMIFS(#REF!,#REF!,'Vagas - Realização'!A67) -> #REF! | M67: =IFERROR(L67/K67,"-") -> - | N67: =IFERROR(K67/E67,"-") -> 0 | O67: =IFERROR(L67/F67,"-") -> -
D68: Total do Programa | E68: =SUM(E54:E67) -> 19979 | F68: =SUM(F54:F67) -> #REF! | G68: =IFERROR(F68/E68,"-") -> - | H68: =SUM(H54:H59) -> 0 | I68: =SUM(I54:I59) -> 0 | J68: =IFERROR(I68/H68,"-") -> - | K68: =SUM(K54:K67) -> 2031.9059 | L68: =SUM(L54:L67) -> #REF! | M68: =IFERROR(L68/K68,"-") -> - | N68: =IFERROR(K68/E68,"-") -> 0.10170208 | O68: =IFERROR(L68/F68,"-") -> -
C69: 5 | D69: Assistência
C70: 5.1 | D70: Desenvolvimento Comunitário
A71: =D69&D70&"Sem Modalidade"&D71 -> AssistênciaDesenvolvimento ComunitárioSem ModalidadeCurso | C71: 5.1.0.2 | D71: Curso | E71: 490 | F71: =SUMIFS(#REF!,#REF!,"Total de Inscrições",#REF!,'Vagas - Realização'!A71) -> #REF! | G71: =IFERROR(F71/E71,"-") -> - | J71: =IFERROR(I71/H71,"-") -> - | K71: 207.5 | L71: =SUMIFS(#REF!,#REF!,'Vagas - Realização'!A71) -> #REF! | M71: =IFERROR(L71/K71,"-") -> - | N71: =IFERROR(K71/E71,"-") -> 0.42346939 | O71: =IFERROR(L71/F71,"-") -> -
A72: =D69&D70&"Sem Modalidade"&D72 -> AssistênciaDesenvolvimento ComunitárioSem ModalidadeEncontro | C72: 5.1.0.3 | D72: Encontro | E72: 3183 | F72: =SUMIFS(#REF!,#REF!,"Total de Inscrições",#REF!,'Vagas - Realização'!A72) -> #REF! | G72: =IFERROR(F72/E72,"-") -> - | J72: =IFERROR(I72/H72,"-") -> - | K72: 0 | L72: =SUMIFS(#REF!,#REF!,'Vagas - Realização'!A72) -> #REF! | M72: =IFERROR(L72/K72,"-") -> - | N72: =IFERROR(K72/E72,"-") -> 0 | O72: =IFERROR(L72/F72,"-") -> -
A73: =D69&D70&"Sem Modalidade"&D73 -> AssistênciaDesenvolvimento ComunitárioSem ModalidadeOficina | C73: 5.1.0.4 | D73: Oficina | E73: 1615 | F73: =SUMIFS(#REF!,#REF!,"Total de Inscrições",#REF!,'Vagas - Realização'!A73) -> #REF! | G73: =IFERROR(F73/E73,"-") -> - | J73: =IFERROR(I73/H73,"-") -> - | K73: 0 | L73: =SUMIFS(#REF!,#REF!,'Vagas - Realização'!A73) -> #REF! | M73: =IFERROR(L73/K73,"-") -> - | N73: =IFERROR(K73/E73,"-") -> 0 | O73: =IFERROR(L73/F73,"-") -> - | Q73: Não está na meta
C74: 5.2 | D74: Segurança Alimentar e Apoio Social
A75: =D69&D74&"Sem Modalidade"&D75 -> AssistênciaSegurança Alimentar e Apoio SocialSem ModalidadeCurso | C75: 5.2.2.1 | D75: Curso | E75: 860 | F75: =SUMIFS(#REF!,#REF!,"Total de Inscrições",#REF!,'Vagas - Realização'!A75) -> #REF! | G75: =IFERROR(F75/E75,"-") -> - | J75: =IFERROR(I75/H75,"-") -> - | K75: 0 | L75: =SUMIFS(#REF!,#REF!,'Vagas - Realização'!A75) -> #REF! | M75: =IFERROR(L75/K75,"-") -> - | N75: =IFERROR(K75/E75,"-") -> 0 | O75: =IFERROR(L75/F75,"-") -> -
A76: =D69&D74&"Sem Modalidade"&D76 -> AssistênciaSegurança Alimentar e Apoio SocialSem ModalidadeEncontro | C76: 5.2.2.2 | D76: Encontro | E76: 355 | F76: =SUMIFS(#REF!,#REF!,"Total de Inscrições",#REF!,'Vagas - Realização'!A76) -> #REF! | G76: =IFERROR(F76/E76,"-") -> - | J76: =IFERROR(I76/H76,"-") -> - | K76: 0 | L76: =SUMIFS(#REF!,#REF!,'Vagas - Realização'!A76) -> #REF! | M76: =IFERROR(L76/K76,"-") -> - | N76: =IFERROR(K76/E76,"-") -> 0 | O76: =IFERROR(L76/F76,"-") -> -
A77: =D69&D74&"Sem Modalidade"&D77 -> AssistênciaSegurança Alimentar e Apoio SocialSem ModalidadeOficina | C77: 5.2.2.3 | D77: Oficina | E77: 690 | F77: =SUMIFS(#REF!,#REF!,"Total de Inscrições",#REF!,'Vagas - Realização'!A77) -> #REF! | G77: =IFERROR(F77/E77,"-") -> - | J77: =IFERROR(I77/H77,"-") -> - | K77: 0 | L77: =SUMIFS(#REF!,#REF!,'Vagas - Realização'!A77) -> #REF! | M77: =IFERROR(L77/K77,"-") -> - | N77: =IFERROR(K77/E77,"-") -> 0 | O77: =IFERROR(L77/F77,"-") -> -
A78: =D69&D74&"Sem Modalidade"&D78 -> AssistênciaSegurança Alimentar e Apoio SocialSem ModalidadePalestra | C78: 5.2.2.5 | D78: Palestra | E78: 867 | F78: =SUMIFS(#REF!,#REF!,"Total de Inscrições",#REF!,'Vagas - Realização'!A78) -> #REF! | G78: =IFERROR(F78/E78,"-") -> - | J78: =IFERROR(I78/H78,"-") -> - | K78: 0 | L78: =SUMIFS(#REF!,#REF!,'Vagas - Realização'!A78) -> #REF! | M78: =IFERROR(L78/K78,"-") -> - | N78: =IFERROR(K78/E78,"-") -> 0 | O78: =IFERROR(L78/F78,"-") -> -
C79: 5.3 | D79: Trabalho Social com Grupos
A80: =D69&D79&"Grupos Sociais de Idosos"&D80 -> AssistênciaTrabalho Social com GruposGrupos Sociais de IdososEncontro | C80: 5.3.0.5 | D80: Encontro | E80: 23131 | F80: =SUMIFS(#REF!,#REF!,"Total de Inscrições",#REF!,'Vagas - Realização'!A82)+SUMIFS(#REF!,#REF!,"Total de Inscrições",#REF!,'Vagas - Realização'!A80)+SUMIFS(#REF!,#REF!,"Total de Inscrições",#REF!,'Vagas - Realização'!A80) -> #REF! | G80: =IFERROR(F80/E80,"-") -> - | J80: =IFERROR(I80/H80,"-") -> - | K80: 1642.859 | L80: =SUMIFS(#REF!,#REF!,'Vagas - Realização'!A80)+SUMIFS(#REF!,#REF!,'Vagas - Realização'!A81)+SUMIFS(#REF!,#REF!,'Vagas - Realização'!A82) -> #REF! | M80: =IFERROR(L80/K80,"-") -> - | N80: =IFERROR(K80/E80,"-") -> 0.071024124 | O80: =IFERROR(L80/F80,"-") -> -
A81: =D69&D79&"Outros Grupos Sociais"&D80 -> AssistênciaTrabalho Social com GruposOutros Grupos SociaisEncontro | C81: 5.3.0.6 | D81: Oficina | E81: 5522 | F81: =SUMIFS(#REF!,#REF!,"Total de Inscrições",#REF!,'Vagas - Realização'!A83)+SUMIFS(#REF!,#REF!,"Total de Inscrições",#REF!,'Vagas - Realização'!A84)+SUMIFS(#REF!,#REF!,"Total de Inscrições",#REF!,'Vagas - Realização'!A85) -> #REF! | G81: =IFERROR(F81/E81,"-") -> - | J81: =IFERROR(I81/H81,"-") -> - | K81: 1408.3674 | L81: =SUMIFS(#REF!,#REF!,'Vagas - Realização'!A83)+SUMIFS(#REF!,#REF!,'Vagas - Realização'!A84)+SUMIFS(#REF!,#REF!,'Vagas - Realização'!A85) -> #REF! | M81: =IFERROR(L81/K81,"-") -> - | N81: =IFERROR(K81/E81,"-") -> 0.25504661 | O81: =IFERROR(L81/F81,"-") -> -
A82: =D69&D79&"Grupos Sociais de Voluntários"&D80 -> AssistênciaTrabalho Social com GruposGrupos Sociais de VoluntáriosEncontro | D82: Total do Programa | E82: =SUM(E70:E81) -> 36713 | F82: =SUM(F70:F81) -> #REF! | G82: =IFERROR(F82/E82,"-") -> - | H82: =SUM(H70:H81) -> 0 | I82: =SUM(I70:I81) -> 0 | J82: =IFERROR(I82/H82,"-") -> - | K82: =SUM(K70:K81) -> 3258.7264 | L82: =SUM(L70:L81) -> #REF! | M82: =IFERROR(L82/K82,"-") -> - | N82: =IFERROR(K82/E82,"-") -> 0.088762194 | O82: =IFERROR(L82/F82,"-") -> -
A83: =D69&D79&"Grupos Sociais de Idosos"&D81 -> AssistênciaTrabalho Social com GruposGrupos Sociais de IdososOficina
A84: =D69&D79&"Outros Grupos Sociais"&D81 -> AssistênciaTrabalho Social com GruposOutros Grupos SociaisOficina | D84: TOTAL | E84: =IFERROR(SUM(E27+E52+E68+E82),"") -> 75417 | F84: =IFERROR(SUM(F27+F52+F68+F82),"") | G84: =IFERROR(F84/E84,"-") -> - | H84: =IFERROR(SUM(H27+H52+H68+H82),"") -> 0 | I84: =IFERROR(SUM(I27+I52+I68+I82),"") -> 0 | J84: =IFERROR(I84/H84,"-") -> - | K84: =IFERROR(SUM(K27+K52+K68+K82),"") -> 10062.591 | L84: =IFERROR(SUM(L27+L52+L68+L82),"") | M84: =IFERROR(L84/K84,"-") -> - | N84: =IFERROR(K84/E84,"-") -> 0.13342603 | O84: =IFERROR(L84/F84,"-") -> -
A85: =D69&D79&"Grupos Sociais de Voluntários"&D81 -> AssistênciaTrabalho Social com GruposGrupos Sociais de VoluntáriosOficina
C86: Legenda: A informação de vagas refere-se a quantidade de clientes inscritos nas realizações.
A88: Grupos Sociais de Idosos
A89: Outros Grupos Sociais
A90: Grupos Sociais de Voluntários

Sheet Custo Direto
A1: DESC_UORC | B1: DESC_PRODUTO2 | C1: DESC_PROGRAMA | D1: DESC_ATIVIDADE | E1: DESC_MODALIDADE | F1: DESC_REALIZACAO | G1: CUSTO REALIZAÇÃO | H1: CUSTO REALIZADO JAN-ABR | I1: CUSTO ORÇADO JAN-ABR | J1: CUSTO FINAL - AJUSTADO
A2: Gerência de Eventos Finalísticos | B2: Ciclo Sesc | C2: Lazer | D2: Recreação | E2: Sem Modalidade | F2: Passeio recreativo | G2: 300000 | H2: 0 | I2: 37500 | J2: 262500
A3: Medsesc Oftalmologia II | B3: MedSesc Oftalmologia | C3: Saúde | D3: Educação em Saúde | E3: Sem Modalidade | F3: Orientação | G3: 55105.42 | H3: 14424.28 | I3: 18368.895 | J3: 51160.805
A4: Medsesc Oftalmologia I | B4: MedSesc Oftalmologia | C4: Saúde | D4: Educação em Saúde | E4: Sem Modalidade | F4: Orientação | G4: 27859.273 | H4: 105.5 | I4: 17295.831 | J4: 10668.943
A5: Gerência de Eventos Finalísticos | B5: Circuito Sesc de Corridas | C5: Lazer | D5: Desenvolvimento Físico-Esportivo | E5: Eventos Físico-Esportivos | F5: Competição | G5: 2077714.3 | H5: 2044.84 | I5: 180000 | J5: 1899759.1
A6: Medsesc Oftalmologia I | B6: MedSesc Oftalmologia | C6: Saúde | D6: Cuidado Terapêutico | E6: Atenção Médica | F6: Clínica Ambulatorial | G6: 494055.57 | H6: 147472.55 | I6: 159945.23 | J6: 481582.89
A7: Medsesc Oftalmologia II | B7: MedSesc Oftalmologia | C7: Saúde | D7: Cuidado Terapêutico | E7: Atenção Médica | F7: Clínica Ambulatorial | G7: 343046.55 | H7: 117822.54 | I7: 157321.64 | J7: 303547.45
A8: Medsesc Oftalmologia III | B8: MedSesc Oftalmologia | C8: Saúde | D8: Cuidado Terapêutico | E8: Atenção Médica | F8: Clínica Ambulatorial | G8: 210462.33 | H8: 298.1 | I8: 113112.3 | J8: 97648.128
A9: Medsesc Oftalmologia III | B9: MedSesc Oftalmologia | C9: Saúde | D9: Educação em Saúde | E9: Sem Modalidade | F9: Orientação | G9: 27241.95 | H9: 0 | I9: 16177.616 | J9: 11064.334
A10: Medsesc Oftalmologia II | B10: Atendimento Primeiros Socorros | C10: Saúde | D10: Cuidado Terapêutico | E10: Atenção de Enfermagem | F10: Rotinas de cuidado | G10: 627.49 | H10: 0 | I10: 421.30745 | J10: 206.18255
A11: Medsesc Oftalmologia III | B11: Atendimento Primeiros Socorros | C11: Saúde | D11: Cuidado Terapêutico | E11: Atenção de Enfermagem | F11: Rotinas de cuidado | G11: 561.24 | H11: 0 | I11: 379.03644 | J11: 182.20356
A12: Medsesc Oftalmologia I | B12: Atendimento Primeiros Socorros | C12: Saúde | D12: Cuidado Terapêutico | E12: Atenção de Enfermagem | F12: Rotinas de cuidado | G12: 644.98208 | H12: 4183.13 | I12: 399.40817 | J12: 4428.7039
A13: Mesa Brasil Sesc Alto Paranaíba | B13: Mesa Brasil Sesc - Ações Educativas | C13: Assistência | D13: Segurança Alimentar e Apoio Social | E13: Desenvolvimento de Capacidades | F13: Curso | G13: 3650 | H13: 0 | I13: 0 | J13: 3650
... A901: Sesc Grussaí | B901: Rotina | C901: Administração | D901: Gestão de Tecnologia da Informação e Telecomunicação | E901: Sem modalidade | F901: Sem Realização | G901: 0 | H901: 4221.97 | I901: 0 | J901: 4221.97

Sheet Apoio
A1: DESC_UORC | B1: DESC_PRODUTO2 | C1: DESC_ATIVIDADE | D1: DESC_MODALIDADE | E1: DESC_REALIZACAO | F1: CUSTO REALIZAÇÃO | G1: CUSTO REALIZADO JAN-ABR | H1: CUSTO ORÇADO JAN-ABR | I1: CUSTO FINAL - AJUSTADO
A2: Sesc Montes Claros - Colégio | B2: Apoio | C2: Educação Infantil | D2: Sem modalidade | E2: Sem Realização | F2: 158000.44 | G2: 64729.92 | H2: 50787.051 | I2: 171943.31
A3: Hotel Sesc Contagem | B3: Apoio | C3: Turismo Social | D3: Turismo Receptivo | E3: Sem Realização | F3: 168545.25 | G3: 8270.01 | H3: 44418.24 | I3: 132397.02
A4: Sesc Contagem - Colégio | B4: Apoio | C4: Educação Infantil | D4: Sem modalidade | E4: Sem Realização | F4: 36696.44 | G4: 27257.08 | H4: 1700 | I4: 62253.52
A5: Sesc SST | B5: Apoio | C5: Cuidado Terapêutico | D5: Cuidado Especializado | E5: Sem Realização | F5: 65217.23 | G5: 7120.62 | H5: 29405.791 | I5: 42932.059
A6: Sesc SST | B6: Apoio | C6: Cuidado Terapêutico | D6: Atenção Médica | E6: Sem Realização | F6: 61841.11 | G6: 46578.47 | H6: 19699.503 | I6: 88720.077
A7: Sesc SST | B7: Apoio | C7: Cuidado Terapêutico | D7: Atenção de Enfermagem | E7: Sem Realização | F7: 39395.51 | G7: 7147.67 | H7: 5198.8075 | I7: 41344.373
A8: Sesc SST | B8: Apoio | C8: Educação em Saúde | D8: Sem modalidade | E8: Sem Realização | F8: 16236.13 | G8: 952.4 | H8: 5220.6575 | I8: 11967.873
A9: Sesc Poços de Caldas | B9: Apoio | C9: Educação Complementar | D9: Acompanhamento Pedagógico | E9: Sem Realização | F9: 90439.86 | G9: 39618.59 | H9: 11090.143 | I9: 118968.31
A10: Sesc Poços de Caldas | B10: Apoio | C10: Artes Cênicas | D10: Dança | E10: Sem Realização | F10: 29552.33 | G10: 1827.54 | H10: 9348.8431 | I10: 22031.027
A11: Sesc Poços de Caldas | B11: Apoio | C11: Artes Cênicas | D11: Teatro | E11: Sem Realização | F11: 29052.33 | G11: 8540.71 | H11: 9198.8431 | I11: 28394.197
A12: Sesc Poços de Caldas | B12: Apoio | C12: Trabalho Social com Grupos | D12: Grupos Sociais de Idosos | E12: Sem Realização | F12: 79980.2 | G12: 6115.21 | H12: 25754.587 | I12: 60340.823
A13: Sesc Poços de Caldas | B13: Apoio | C13: Música | D13: Sem modalidade | E13: Sem Realização | F13: 29052.33 | G13: 7710.77 | H13: 9198.8431 | I13: 27564.257
... A207: Sesc Almenara | B207: Apoio | C207: Desenvolvimento Comunitário | D207: Sem Modalidade | E207: Sem Realização | F207: 200 | G207: 0 | H207: 80 | I207: 120

Sheet Atividades Comuns
A1: CENTRO DE CUSTO | B1: DESC_UORC | C1: DESC_PRODUTO2 | D1: DESC_PROGRAMA | E1: DESC_ATIVIDADE | F1: DESC_MODALIDADE | G1: DESC_REALIZACAO | H1: CUSTO | I1: CUSTO REALIZADO JAN-ABR | J1: CUSTO ORÇADO JAN-ABR | K1: CUSTO FINAL - AJUSTADO
A2: 4-SSCT-Infraestrutura-Rotina | B2: Sesc Cataguases | C2: Rotina | D2: Lazer | E2: Infraestrutura, Operações e Serviços | F2: Sem modalidade | G2: Sem Realização | H2: 2350 | I2: 277.81 | J2: 0 | K2: 2627.81
A3: 4-SDUU-Infraestrutura-Rotina | B3: Sesc Santos Dumont | C3: Rotina | D3: Lazer | E3: Infraestrutura, Operações e Serviços | F3: Sem modalidade | G3: Sem Realização | H3: 149120 | I3: 277.81 | J3: 0 | K3: 149397.81
A4: 4-SSL-Infraestrutura-Rotina | B4: Sesc São Lourenço | C4: Rotina | D4: Lazer | E4: Infraestrutura, Operações e Serviços | F4: Sem modalidade | G4: Sem Realização | H4: 116900 | I4: 277.81 | J4: 0 | K4: 117177.81
A5: 4-TOTU-Infraestrutura-Rotina | B5: Sesc Teófilo Otoni | C5: Rotina | D5: Lazer | E5: Infraestrutura, Operações e Serviços | F5: Sem modalidade | G5: Sem Realização | H5: 202200 | I5: 277.81 | J5: 0 | K5: 202477.81
A6: 4-SVRG-Infraestrutura-Rotina | B6: Sesc Varginha | C6: Rotina | D6: Lazer | E6: Infraestrutura, Operações e Serviços | F6: Sem modalidade | G6: Sem Realização | H6: 271585.24 | I6: 10199.61 | J6: 0 | K6: 281784.85
A7: 1-PCAU-Infraestrutura-Rotina | B7: Sesc Poços de Caldas | C7: Rotina | D7: Educação | E7: Infraestrutura, Operações e Serviços | F7: Sem modalidade | G7: Sem Realização | H7: 1465215 | I7: 235533.42 | J7: 290970.58 | K7: 1409777.8
A8: 3-PCAU-Infraestrutura-Rotina | B8: Sesc Poços de Caldas | C8: Rotina | D8: Cultura | E8: Infraestrutura, Operações e Serviços | F8: Sem modalidade | G8: Sem Realização | H8: 378460.8 | I8: 135216.56 | J8: 185686.62 | K8: 327990.74
A9: 4-PCAU-Infraestrutura-Rotina | B9: Sesc Poços de Caldas | C9: Rotina | D9: Lazer | E9: Infraestrutura, Operações e Serviços | F9: Sem modalidade | G9: Sem Realização | H9: 943121.89 | I9: 324495.04 | J9: 411003.28 | K9: 856613.65
A10: 5-PCAU-Infraestrutura-Rotina | B10: Sesc Poços de Caldas | C10: Rotina | D10: Assistência | E10: Infraestrutura, Operações e Serviços | F10: Sem modalidade | G10: Sem Realização | H10: 218341.06 | I10: 65745.11 | J10: 54059.467 | K10: 230026.7
A11: 2-SST-Infraestrutura-Rotina | B11: Sesc SST | C11: Rotina | D11: Saúde | E11: Infraestrutura, Operações e Serviços | F11: Sem modalidade | G11: Sem Realização | H11: 383479.12 | I11: 83594.64 | J11: 164371.28 | K11: 302702.48
A12: 3-OCCJ-Direção e Coordenação-Rotina | B12: Orquestra de Câmara e Coral Jovem | C12: Rotina | D12: Cultura | E12: Direção, Coordenação e Supervisão | F12: Sem modalidade | G12: Sem Realização | H12: 188000.41 | I12: 65587.17 | J12: 82004.292 | K12: 171583.29
A13: 2-SST-Implantação e Ampliação-Rotina | B13: Sesc SST | C13: Rotina | D13: Saúde | E13: Implantação, Ampliação e Modernização de Unidades Físicas | F13: Sem modalidade | G13: Sem Realização | H13: 0 | I13: 0 | J13: 0 | K13: 0
... A495: 1-SVN-Implantação e Ampliação-Rotina | B495: Sesc Venda Nova | C495: Rotina | D495: Educação | E495: Implantação, Ampliação e Modernização de Unidades Físicas | F495: Sem modalidade | G495: Sem Realização | H495: 0 | I495: 0 | J495: 0 | K495: 0

Sheet Administração
A1: CENTRO DE CUSTO | B1: DESC_UORC | C1: DESC_PRODUTO2 | D1: DESC_PROGRAMA | E1: DESC_ATIVIDADE | F1: DESC_MODALIDADE | G1: DESC_REALIZACAO | H1: CUSTO | I1: CUSTO REALIZADO JAN-ABR | J1: CUSTO ORÇADO JAN-ABR | K1: CUSTO FINAL - AJUSTADO
A2: 6-SSFD-Infraestrutura-Rotina | B2: Sesc São Francisco Depósito | C2: Rotina | D2: Administração | E2: Infraestrutura, Operações e Serviços | F2: Sem Modalidade | G2: Sem Realização | H2: 239942.68 | I2: 16474.56 | J2: 5030.6038 | K2: 251386.64
A3: 6-SST-Serviços Financeiros-Rotina | B3: Sesc SST | C3: Rotina | D3: Administração | E3: Serviços Financeiros | F3: Sem modalidade | G3: Sem Realização | H3: 84832.52 | I3: 16225.82 | J3: 17893.357 | K3: 83164.983
A4: 6-PCAU-Serviços Financeiros-Rotina | B4: Sesc Poços de Caldas | C4: Rotina | D4: Administração | E4: Serviços Financeiros | F4: Sem modalidade | G4: Sem Realização | H4: 98199.71 | I4: 30144.89 | J4: 29071.636 | K4: 99272.964
A5: 6-PCAU-Relacionamento Clientes-Rotina | B5: Sesc Poços de Caldas | C5: Rotina | D5: Administração | E5: Relacionamento com Clientes | F5: Sem modalidade | G5: Sem Realização | H5: 196186.84 | I5: 60885.66 | J5: 62068.389 | K5: 195004.11
A6: 6-PALU-Serviços Financeiros-Rotina | B6: Sesc Pouso Alegre | C6: Rotina | D6: Administração | E6: Serviços Financeiros | F6: Sem modalidade | G6: Sem Realização | H6: 116904.89 | I6: 35809.75 | J6: 34548.021 | K6: 118166.62
A7: 6-PALU-Relacionamento Clientes-Rotina | B7: Sesc Pouso Alegre | C7: Rotina | D7: Administração | E7: Relacionamento com Clientes | F7: Sem modalidade | G7: Sem Realização | H7: 227844.29 | I7: 61128.41 | J7: 64136.155 | K7: 224836.54
A8: 6-FLOU-Serviços Financeiros-Rotina | B8: Sesc Floresta | C8: Rotina | D8: Administração | E8: Serviços Financeiros | F8: Sem modalidade | G8: Sem Realização | H8: 140168.14 | I8: 40238.89 | J8: 37626.147 | K8: 142780.88
A9: 6-FLOU-Relacionamento Clientes-Rotina | B9: Sesc Floresta | C9: Rotina | D9: Administração | E9: Relacionamento com Clientes | F9: Sem modalidade | G9: Sem Realização | H9: 276098.87 | I9: 68904.18 | J9: 92499.703 | K9: 252503.35
A10: 6-SLZU-Serviços Financeiros-Rotina | B10: Sesc Santa Luzia | C10: Rotina | D10: Administração | E10: Serviços Financeiros | F10: Sem modalidade | G10: Sem Realização | H10: 106784.46 | I10: 36456.9 | J10: 30499.008 | K10: 112742.35
A11: 6-SLZU-Relacionamento Clientes-Rotina | B11: Sesc Santa Luzia | C11: Rotina | D11: Administração | E11: Relacionamento com Clientes | F11: Sem modalidade | G11: Sem Realização | H11: 185919.5 | I11: 45755.04 | J11: 75755.705 | K11: 155918.84
A12: 6-SQTU-Serviços Financeiros-Rotina | B12: Sesc Santa Quitéria | C12: Rotina | D12: Administração | E12: Serviços Financeiros | F12: Sem modalidade | G12: Sem Realização | H12: 98506.23 | I12: 24482.39 | J12: 27905.96 | K12: 95082.66
A13: 6-SQTU-Relacionamento Clientes-Rotina | B13: Sesc Santa Quitéria | C13: Rotina | D13: Administração | E13: Relacionamento com Clientes | F13: Sem modalidade | G13: Sem Realização | H13: 207306.74 | I13: 56731.05 | J13: 64789.091 | K13: 199248.7
... A116: 6-PARU-Relacionamento Clientes-Rotina | B116: Sesc Paracatu | C116: Rotina | D116: Administração | E116: Relacionamento com Clientes | F116: Sem modalidade | G116: Sem Realização | H116: 196420.69 | I116: 54040.36 | J116: 62086.389 | K116: 188374.66

Sheet Sede
A1: CENTRO DE CUSTO | B1: DESC_UORC | C1: DESC_PRODUTO2 | D1: DESC_PROGRAMA | E1: DESC_ATIVIDADE | F1: DESC_MODALIDADE | G1: DESC_REALIZACAO | H1: CUSTO | I1: CUSTO REALIZADO JAN-ABR | J1: CUSTO ORÇADO JAN-ABR | K1: CUSTO FINAL - AJUSTADO
A2: 6-GJ-Direção e Coordenação-Rotina | B2: Gerência Jurídica | C2: Rotina | D2: Administração | E2: Direção, Coordenação e Supervisão | F2: Sem modalidade | G2: Sem Realização | H2: 2.1295272e+08 | I2: 128538.9 | J2: 134801.62 | K2: 2.1294646e+08
A3: 4-GHO-Infraestrutura-Rotina | B3: Gerência de Hospitalidade | C3: Rotina | D3: Lazer | E3: Infraestrutura, Operações e Serviços | F3: Sem modalidade | G3: Sem Realização
A4: 4-GHO-Direção e Coordenação-Rotina | B4: Gerência de Hospitalidade | C4: Rotina | D4: Lazer | E4: Direção, Coordenação e Supervisão | F4: Sem modalidade | G4: Sem Realização
A5: 4-GDL-Direção e Coordenação-Rotina | B5: Gerência de Lazer | C5: Rotina | D5: Lazer | E5: Direção, Coordenação e Supervisão | F5: Sem modalidade | G5: Sem Realização
A6: 6-GJ-Infraestrutura-Rotina | B6: Gerência Jurídica | C6: Rotina | D6: Administração | E6: Infraestrutura, Operações e Serviços | F6: Sem modalidade | G6: Sem Realização
A7: 4-GDL-Infraestrutura-Rotina | B7: Gerência de Lazer | C7: Rotina | D7: Lazer | E7: Infraestrutura, Operações e Serviços | F7: Sem modalidade | G7: Sem Realização
A8: 1-GMA-Infraestrutura-Rotina | B8: Gerência de Manutenção | C8: Rotina | D8: Educação | E8: Infraestrutura, Operações e Serviços | F8: Sem modalidade | G8: Sem Realização
A9: 2-GMA-Infraestrutura-Rotina | B9: Gerência de Manutenção | C9: Rotina | D9: Saúde | E9: Infraestrutura, Operações e Serviços | F9: Sem modalidade | G9: Sem Realização
A10: 3-GMA-Infraestrutura-Rotina | B10: Gerência de Manutenção | C10: Rotina | D10: Cultura | E10: Infraestrutura, Operações e Serviços | F10: Sem modalidade | G10: Sem Realização
A11: 4-GMA-Infraestrutura-Rotina | B11: Gerência de Manutenção | C11: Rotina | D11: Lazer | E11: Infraestrutura, Operações e Serviços | F11: Sem modalidade | G11: Sem Realização
A12: 5-GMA-Infraestrutura-Rotina | B12: Gerência de Manutenção | C12: Rotina | D12: Assistência | E12: Infraestrutura, Operações e Serviços | F12: Sem modalidade | G12: Sem Realização
A13: 1-GMA-Direção e Coordenação-Rotina | B13: Gerência de Manutenção | C13: Rotina | D13: Educação | E13: Direção, Coordenação e Supervisão | F13: Sem Modalidade | G13: Sem Realização
A14: 2-GMA-Direção e Coordenação-Rotina | B14: Gerência de Manutenção | C14: Rotina | D14: Saúde | E14: Direção, Coordenação e Supervisão | F14: Sem Modalidade | G14: Sem Realização
... A379: 1-GE-Capacitação-Rotina | B379: Gerência de Engenharia | C379: Rotina | D379: Educação | E379: Capacitação e Desenvolvimento de Pessoas | F379: Sem modalidade | G379: Sem Realização

Sheet Planilha1 (2)
A1: COD_REF_PROG_REAL | B1: COD_REF_PROG_MOD | C1: COD_PROGRAMA | D1: DESC_PROGRAMASGE | E1: DESC_PROGRAMA | F1: COD_ATIVIDADE | G1: DESC_ATIVIDADESGE | H1: DESC_ATIVIDADE | I1: COD_MODALIDADE | J1: DESC_MODALIDADESGE | K1: DESC_MODALIDADE | L1: COD_REALIZACAO | M1: DESC_REALIZACAOSGE | N1: DESC_REALIZACAO | O1: COD_VARIAVEL | P1: DESC_VARIAVELSGE | Q1: DESC_VARIAVEL | R1: Variável?
A2: 4.42.320.4206 | B2: 4.42.320 | C2: 4 | D2: Lazer - Referencial | E2: Lazer | F2: 42 | G2: Recreação | H2: Recreação | I2: 320 | J2: Sem Modalidade | K2: Sem Modalidade | L2: 4206 | M2: Passeio recreativo | N2: Passeio recreativo | O2: 159 | P2: Participantes | Q2: Participantes | R2: Sim
A3: 4.42.320.4206 | B3: 4.42.320 | C3: 4 | D3: Lazer - Referencial | E3: Lazer | F3: 42 | G3: Recreação | H3: Recreação | I3: 320 | J3: Sem Modalidade | K3: Sem Modalidade | L3: 4206 | M3: Passeio recreativo | N3: Passeio recreativo | O3: 157 | P3: Numero | Q3: Número | R3: Não
A4: 4.902.320.1 | B4: 4.902.320 | C4: 4 | D4: Lazer - Referencial | E4: Lazer | F4: 902 | G4: Infraestrutura, Operações e Serviços | H4: Infraestrutura, Operações e Serviços | I4: 320 | J4: Sem Modalidade | K4: Sem Modalidade | L4: 1 | M4: Sem Realização | N4: Sem Realização | O4: 1000 | P4: Número de cessões | Q4: Número de cessões | R4: Não
A5: 4.43.432.4321 | B5: 4.43.432 | C5: 4 | D5: Lazer - Referencial | E5: Lazer | F5: 43 | G5: Turismo Social | H5: Turismo Social | I5: 432 | J5: Turismo Receptivo | K5: Turismo Receptivo | L5: 4321 | M5: Hospedagem | N5: Hospedagem | O5: 2000 | P5: Unidades_Habitacionais_Ocupadas | Q5: Unidades Habitacionais Ocupadas | R5: Não
A6: 4.43.432.4321 | B6: 4.43.432 | C6: 4 | D6: Lazer - Referencial | E6: Lazer | F6: 43 | G6: Turismo Social | H6: Turismo Social | I6: 432 | J6: Turismo Receptivo | K6: Turismo Receptivo | L6: 4321 | M6: Hospedagem | N6: Hospedagem | O6: 192 | P6: Diarias | Q6: Diárias | R6: Sim
A7: 4.43.432.4321 | B7: 4.43.432 | C7: 4 | D7: Lazer - Referencial | E7: Lazer | F7: 43 | G7: Turismo Social | H7: Turismo Social | I7: 432 | J7: Turismo Receptivo | K7: Turismo Receptivo | L7: 4321 | M7: Hospedagem | N7: Hospedagem | O7: 135 | P7: Cliente_dependente | Q7: Inscrições - Dependente | R7: Não
A8: 4.43.432.4321 | B8: 4.43.432 | C8: 4 | D8: Lazer - Referencial | E8: Lazer | F8: 43 | G8: Turismo Social | H8: Turismo Social | I8: 432 | J8: Turismo Receptivo | K8: Turismo Receptivo | L8: 4321 | M8: Hospedagem | N8: Hospedagem | O8: 136 | P8: Cliente_usuario | Q8: Inscrições - Público Geral | R8: Não
A9: 4.43.432.4321 | B9: 4.43.432 | C9: 4 | D9: Lazer - Referencial | E9: Lazer | F9: 43 | G9: Turismo Social | H9: Turismo Social | I9: 432 | J9: Turismo Receptivo | K9: Turismo Receptivo | L9: 4321 | M9: Hospedagem | N9: Hospedagem | O9: 154 | P9: Cliente_comerciario | Q9: Inscrições - Trab. Comércio | R9: Não
A10: 4.43.432.4321 | B10: 4.43.432 | C10: 4 | D10: Lazer - Referencial | E10: Lazer | F10: 43 | G10: Turismo Social | H10: Turismo Social | I10: 432 | J10: Turismo Receptivo | K10: Turismo Receptivo | L10: 4321 | M10: Hospedagem | N10: Hospedagem | O10: 193 | P10: Leitos_Ocupados | Q10: Leitos Ocupados | R10: Não
A11: 4.43.432.4321 | B11: 4.43.432 | C11: 4 | D11: Lazer - Referencial | E11: Lazer | F11: 43 | G11: Turismo Social | H11: Turismo Social | I11: 432 | J11: Turismo Receptivo | K11: Turismo Receptivo | L11: 4321 | M11: Hospedagem | N11: Hospedagem | O11: 187 | P11: ProcedenciadoCliente_Estadodeorigem_Capital | Q11: Procedência do Cliente Estado de origem Capital | R11: Não
A12: 4.43.432.4321 | B12: 4.43.432 | C12: 4 | D12: Lazer - Referencial | E12: Lazer | F12: 43 | G12: Turismo Social | H12: Turismo Social | I12: 432 | J12: Turismo Receptivo | K12: Turismo Receptivo | L12: 4321 | M12: Hospedagem | N12: Hospedagem | O12: 188 | P12: ProcedenciadoCliente_Estadodeorigem_Interior | Q12: Procedência do Cliente Estado de origem Interior | R12: Não
A13: 4.43.432.4321 | B13: 4.43.432 | C13: 4 | D13: Lazer - Referencial | E13: Lazer | F13: 43 | G13: Turismo Social | H13: Turismo Social | I13: 432 | J13: Turismo Receptivo | K13: Turismo Receptivo | L13: 4321 | M13: Hospedagem | N13: Hospedagem | O13: 189 | P13: ProcedenciadoCliente_OutrosEstados_Capital | Q13: Procedência do Cliente Outros Estados Capital | R13: Não
... A1175: 5.53.537.5308 | B1175: 5.53.537 | C1175: 5 | D1175: Assistência - Referencial | E1175: Assistência | F1175: 53 | G1175: Trabalho Social com Grupos | H1175: Trabalho Social com Grupos | I1175: 537 | J1175: Outros Grupos Sociais | K1175: Outros Grupos Sociais | L1175: 5308 | M1175: Reunião - Grupos de Idosos | N1175: Reunião | O1175: 159 | P1175: Participantes | Q1175: Participantes | R1175: Sim
A1176: 6.69.102.6901 | B1176: 6.69.102 | C1176: 6 | D1176: Administração | E1176: Administração | F1176: 69 | G1176: Relacionamento com Clientes | H1176: Relacionamento com Clientes | I1176: 102 | J1176: Sem Modalidade | K1176: Sem Modalidade | L1176: 6901 | M1176: Cadastramento | N1176: Cadastramento | O1176: 386 | P1176: MatrículasComerciáriosNovasTotal | Q1176: Total de Credenciamento Novas - Trab. Comércio | R1176: Não
A1177: 6.69.102.6901 | B1177: 6.69.102 | C1177: 6 | D1177: Administração | E1177: Administração | F1177: 69 | G1177: Relacionamento com Clientes | H1177: Relacionamento com Clientes | I1177: 102 | J1177: Sem Modalidade | K1177: Sem Modalidade | L1177: 6901 | M1177: Cadastramento | N1177: Cadastramento | O1177: 366 | P1177: MatrículaComerciarioNovaMasculino | Q1177: Credenciamento Nova Trab. Comércio - Masc. | R1177: Não
A1178: 6.69.102.6901 | B1178: 6.69.102 | C1178: 6 | D1178: Administração | E1178: Administração | F1178: 69 | G1178: Relacionamento com Clientes | H1178: Relacionamento com Clientes | I1178: 102 | J1178: Sem Modalidade | K1178: Sem Modalidade | L1178: 6901 | M1178: Cadastramento | N1178: Cadastramento | O1178: 367 | P1178: MatrículaComerciarioNovasFeminino | Q1178: Credenciamento Nova Trab. Comércio - Fem. | R1178: Não
A1179: 6.69.102.6901 | B1179: 6.69.102 | C1179: 6 | D1179: Administração | E1179: Administração | F1179: 69 | G1179: Relacionamento com Clientes | H1179: Relacionamento com Clientes | I1179: 102 | J1179: Sem Modalidade | K1179: Sem Modalidade | L1179: 6901 | M1179: Cadastramento | N1179: Cadastramento | O1179: 387 | P1179: MatrículasComerciáriosRevalidadasTotal | Q1179: Total de Credenciamento Revalidadas - Trab. Comércio | R1179: Não
A1180: 6.69.102.6901 | B1180: 6.69.102 | C1180: 6 | D1180: Administração | E1180: Administração | F1180: 69 | G1180: Relacionamento com Clientes | H1180: Relacionamento com Clientes | I1180: 102 | J1180: Sem Modalidade | K1180: Sem Modalidade | L1180: 6901 | M1180: Cadastramento | N1180: Cadastramento | O1180: 368 | P1180: MatrículaComerciarioRevalidadasMasculino | Q1180: Credenciamento Revalidada Trab. Comércio - Masc. | R1180: Não
A1181: 6.69.102.6901 | B1181: 6.69.102 | C1181: 6 | D1181: Administração | E1181: Administração | F1181: 69 | G1181: Relacionamento com Clientes | H1181: Relacionamento com Clientes | I1181: 102 | J1181: Sem Modalidade | K1181: Sem Modalidade | L1181: 6901 | M1181: Cadastramento | N1181: Cadastramento | O1181: 369 | P1181: MatrículaComerciarioRevalidadasFeminino | Q1181: Credenciamento Revalidada Trab. Comércio - Fem. | R1181: Não
A1182: 6.69.102.6901 | B1182: 6.69.102 | C1182: 6 | D1182: Administração | E1182: Administração | F1182: 69 | G1182: Relacionamento com Clientes | H1182: Relacionamento com Clientes | I1182: 102 | J1182: Sem Modalidade | K1182: Sem Modalidade | L1182: 6901 | M1182: Cadastramento | N1182: Cadastramento | O1182: 389 | P1182: MatrículasDependentesNovasTotal | Q1182: Total de Credenciamento Novas - Dependentes | R1182: Não
A1183: 6.69.102.6901 | B1183: 6.69.102 | C1183: 6 | D1183: Administração | E1183: Administração | F1183: 69 | G1183: Relacionamento com Clientes | H1183: Relacionamento com Clientes | I1183: 102 | J1183: Sem Modalidade | K1183: Sem Modalidade | L1183: 6901 | M1183: Cadastramento | N1183: Cadastramento | O1183: 370 | P1183: MatrículaDependenteNovaMasculino | Q1183: Credenciamento Nova Dependente - Masc. | R1183: Não
A1184: 6.69.102.6901 | B1184: 6.69.102 | C1184: 6 | D1184: Administração | E1184: Administração | F1184: 69 | G1184: Relacionamento com Clientes | H1184: Relacionamento com Clientes | I1184: 102 | J1184: Sem Modalidade | K1184: Sem Modalidade | L1184: 6901 | M1184: Cadastramento | N1184: Cadastramento | O1184: 371 | P1184: MatrículaDependenteNovaFeminino | Q1184: Credenciamento Nova Dependente - Fem. | R1184: Não
A1185: 6.69.102.6901 | B1185: 6.69.102 | C1185: 6 | D1185: Administração | E1185: Administração | F1185: 69 | G1185: Relacionamento com Clientes | H1185: Relacionamento com Clientes | I1185: 102 | J1185: Sem Modalidade | K1185: Sem Modalidade | L1185: 6901 | M1185: Cadastramento | N1185: Cadastramento | O1185: 388 | P1185: MatrículasDependentesRevalidadasTotal | Q1185: Total de Credenciamento Revalidadas - Dependentes | R1185: Não
A1186: 6.69.102.6901 | B1186: 6.69.102 | C1186: 6 | D1186: Administração | E1186: Administração | F1186: 69 | G1186: Relacionamento com Clientes | H1186: Relacionamento com Clientes | I1186: 102 | J1186: Sem Modalidade | K1186: Sem Modalidade | L1186: 6901 | M1186: Cadastramento | N1186: Cadastramento | O1186: 372 | P1186: MatrículaDependenteRevalidadoMasculino | Q1186: Credenciamento Revalidada Dependente - Masc. | R1186: Não
A1187: 6.69.102.6901 | B1187: 6.69.102 | C1187: 6 | D1187: Administração | E1187: Administração | F1187: 69 | G1187: Relacionamento com Clientes | H1187: Relacionamento com Clientes | I1187: 102 | J1187: Sem Modalidade | K1187: Sem Modalidade | L1187: 6901 | M1187: Cadastramento | N1187: Cadastramento | O1187: 373 | P1187: MatrículaDependenteRevalidadoFeminino | Q1187: Credenciamento Revalidada Dependente - Fem. | R1187: Não
... A1264: 6.69.102.6901 | B1264: 6.69.102 | C1264: 6 | D1264: Administração | E1264: Administração | F1264: 69 | G1264: Relacionamento com Clientes | H1264: Relacionamento com Clientes | I1264: 102 | J1264: Sem Modalidade | K1264: Sem Modalidade | L1264: 6901 | M1264: Cadastramento | N1264: Cadastramento | O1264: 409 | P1264: ClientesTotalSexoMasculino | Q1264: Total de clientes - Masc. (Credenciamento) | R1264: Não
A1265: 5.53.537.5303 | B1265: 5.53.537 | C1265: 5 | D1265: Assistência - Referencial | E1265: Assistência | F1265: 53 | G1265: Trabalho Social com Grupos | H1265: Trabalho Social com Grupos | I1265: 537 | J1265: Outros Grupos Sociais | K1265: Outros Grupos Sociais | L1265: 5303 | M1265: Consulta social - Outros Grupos | N1265: Consulta social | O1265: 157 | P1265: Numero | Q1265: Número | R1265: Não
A1266: 5.53.537.5303 | B1266: 5.53.537 | C1266: 5 | D1266: Assistência - Referencial | E1266: Assistência | F1266: 53 | G1266: Trabalho Social com Grupos | H1266: Trabalho Social com Grupos | I1266: 537 | J1266: Outros Grupos Sociais | K1266: Outros Grupos Sociais | L1266: 5303 | M1266: Consulta social - Outros Grupos | N1266: Consulta social | O1266: 159 | P1266: Participantes | Q1266: Participantes | R1266: Sim
A1267: 2.21.320.2104 | B1267: 2.21.320 | C1267: 2 | D1267: Saúde - Referencial | E1267: Saúde | F1267: 21 | G1267: Nutrição | H1267: Nutrição | I1267: 320 | J1267: Sem Modalidade | K1267: Sem Modalidade | L1267: 2104 | M1267: Sessão Diagnóstica | N1267: Sessão Diagnóstica | O1267: 154 | P1267: Cliente_comerciario | Q1267: Inscrições - Trab. Comércio | R1267: Não
A1268: 2.21.320.2104 | B1268: 2.21.320 | C1268: 2 | D1268: Saúde - Referencial | E1268: Saúde | F1268: 21 | G1268: Nutrição | H1268: Nutrição | I1268: 320 | J1268: Sem Modalidade | K1268: Sem Modalidade | L1268: 2104 | M1268: Sessão Diagnóstica | N1268: Sessão Diagnóstica | O1268: 135 | P1268: Cliente_dependente | Q1268: Inscrições - Dependente | R1268: Não
A1269: 2.21.320.2104 | B1269: 2.21.320 | C1269: 2 | D1269: Saúde - Referencial | E1269: Saúde | F1269: 21 | G1269: Nutrição | H1269: Nutrição | I1269: 320 | J1269: Sem Modalidade | K1269: Sem Modalidade | L1269: 2104 | M1269: Sessão Diagnóstica | N1269: Sessão Diagnóstica | O1269: 136 | P1269: Cliente_usuario | Q1269: Inscrições - Público Geral | R1269: Não
A1270: 2.21.320.2104 | B1270: 2.21.320 | C1270: 2 | D1270: Saúde - Referencial | E1270: Saúde | F1270: 21 | G1270: Nutrição | H1270: Nutrição | I1270: 320 | J1270: Sem Modalidade | K1270: Sem Modalidade | L1270: 2104 | M1270: Sessão Diagnóstica | N1270: Sessão Diagnóstica | O1270: 157 | P1270: Numero | Q1270: Número | R1270: Não
A1271: 2.21.320.2104 | B1271: 2.21.320 | C1271: 2 | D1271: Saúde - Referencial | E1271: Saúde | F1271: 21 | G1271: Nutrição | H1271: Nutrição | I1271: 320 | J1271: Sem Modalidade | K1271: Sem Modalidade | L1271: 2104 | M1271: Sessão Diagnóstica | N1271: Sessão Diagnóstica | O1271: 159 | P1271: Participantes | Q1271: Participantes | R1271: Sim
A1272: 2.21.320.2104 | B1272: 2.21.320 | C1272: 2 | D1272: Saúde - Referencial | E1272: Saúde | F1272: 21 | G1272: Nutrição | H1272: Nutrição | I1272: 320 | J1272: Sem Modalidade | K1272: Sem Modalidade | L1272: 2104 | M1272: Sessão Diagnóstica | N1272: Sessão Diagnóstica | O1272: 271 | P1272: Clientes_Total | Q1272: Total de Inscrições | R1272: Não
A1273: =C1273&"."&F1273&"."&I1273&"."&L1273 -> 3.31.313.3139 | B1273: =C1273&"."&F1273&"."&I1273 -> 3.31.313 | C1273: 3 | D1273: Cultura - Referencial | E1273: Cultura | F1273: 31 | G1273: Artes Cênicas | H1273: Artes Cênicas | I1273: 313 | J1273: Teatro | K1273: Teatro | L1273: 3139 | M1273: Palestra | N1273: Palestra | O1273: 154 | P1273: Inscrições - Trab. Comércio | Q1273: Cliente_comerciario | R1273: Não
A1274: =C1274&"."&F1274&"."&I1274&"."&L1274 -> 3.31.313.3139 | B1274: =C1274&"."&F1274&"."&I1274 -> 3.31.313 | C1274: 3 | D1274: Cultura - Referencial | E1274: Cultura | F1274: 31 | G1274: Artes Cênicas | H1274: Artes Cênicas | I1274: 313 | J1274: Teatro | K1274: Teatro | L1274: 3139 | M1274: Palestra | N1274: Palestra | O1274: 135 | P1274: Inscrições - Dependente | Q1274: Cliente_dependente | R1274: Não
A1275: =C1275&"."&F1275&"."&I1275&"."&L1275 -> 3.31.313.3139 | B1275: =C1275&"."&F1275&"."&I1275 -> 3.31.313 | C1275: 3 | D1275: Cultura - Referencial | E1275: Cultura | F1275: 31 | G1275: Artes Cênicas | H1275: Artes Cênicas | I1275: 313 | J1275: Teatro | K1275: Teatro | L1275: 3139 | M1275: Palestra | N1275: Palestra | O1275: 136 | P1275: Inscrições - Público Geral | Q1275: Cliente_usuario | R1275: Não
A1276: =C1276&"."&F1276&"."&I1276&"."&L1276 -> 3.31.313.3139 | B1276: =C1276&"."&F1276&"."&I1276 -> 3.31.313 | C1276: 3 | D1276: Cultura - Referencial | E1276: Cultura | F1276: 31 | G1276: Artes Cênicas | H1276: Artes Cênicas | I1276: 313 | J1276: Teatro | K1276: Teatro | L1276: 3139 | M1276: Palestra | N1276: Palestra | O1276: 271 | P1276: Total de Inscrições | Q1276: Clientes_Total | R1276: Não
A1277: =C1277&"."&F1277&"."&I1277&"."&L1277 -> 3.31.313.3139 | B1277: =C1277&"."&F1277&"."&I1277 -> 3.31.313 | C1277: 3 | D1277: Cultura - Referencial | E1277: Cultura | F1277: 31 | G1277: Artes Cênicas | H1277: Artes Cênicas | I1277: 313 | J1277: Teatro | K1277: Teatro | L1277: 3139 | M1277: Palestra | N1277: Palestra | O1277: 157 | P1277: Número | Q1277: Numero | R1277: Não
A1278: =C1278&"."&F1278&"."&I1278&"."&L1278 -> 3.31.313.3139 | B1278: =C1278&"."&F1278&"."&I1278 -> 3.31.313 | C1278: 3 | D1278: Cultura - Referencial | E1278: Cultura | F1278: 31 | G1278: Artes Cênicas | H1278: Artes Cênicas | I1278: 313 | J1278: Teatro | K1278: Teatro | L1278: 3139 | M1278: Palestra | N1278: Palestra | O1278: 158 | P1278: Público | Q1278: Público | R1278: Sim
A1279: =C1279&"."&F1279&"."&I1279&"."&L1279 -> 3.31.313.3139 | B1279: =C1279&"."&F1279&"."&I1279 -> 3.31.313 | C1279: 3 | D1279: Cultura - Referencial | E1279: Cultura | F1279: 31 | G1279: Artes Cênicas | H1279: Artes Cênicas | I1279: 313 | J1279: Teatro | K1279: Teatro | L1279: 3139 | M1279: Palestra | N1279: Palestra | O1279: 411 | P1279: Percentual de Faltas | Q1279: Percentual de faltas | R1279: Não
A1280: =C1280&"."&F1280&"."&I1280&"."&L1280 -> 1.13.320.1301 | B1280: =C1280&"."&F1280&"."&I1280 -> 1.13.320 | C1280: 1 | D1280: Educação - Referencial | E1280: Educação | F1280: 13 | G1280: Ensino Médio | H1280: Ensino Médio | I1280: 320 | J1280: Sem Modalidade | K1280: Sem Modalidade | L1280: 1301 | M1280: Anos Letivos | N1280: Anos Letivos | O1280: 154 | P1280: Inscrições - Trab. Comércio | Q1280: Cliente_comerciario | R1280: Não
A1281: =C1281&"."&F1281&"."&I1281&"."&L1281 -> 1.13.320.1301 | B1281: =C1281&"."&F1281&"."&I1281 -> 1.13.320 | C1281: 1 | D1281: Educação - Referencial | E1281: Educação | F1281: 13 | G1281: Ensino Médio | H1281: Ensino Médio | I1281: 320 | J1281: Sem Modalidade | K1281: Sem Modalidade | L1281: 1301 | M1281: Anos Letivos | N1281: Anos Letivos | O1281: 135 | P1281: Inscrições - Dependente | Q1281: Cliente_dependente | R1281: Não
A1282: =C1282&"."&F1282&"."&I1282&"."&L1282 -> 1.13.320.1301 | B1282: =C1282&"."&F1282&"."&I1282 -> 1.13.320 | C1282: 1 | D1282: Educação - Referencial | E1282: Educação | F1282: 13 | G1282: Ensino Médio | H1282: Ensino Médio | I1282: 320 | J1282: Sem Modalidade | K1282: Sem Modalidade | L1282: 1301 | M1282: Anos Letivos | N1282: Anos Letivos | O1282: 136 | P1282: Inscrições - Público Geral | Q1282: Cliente_usuario | R1282: Não
A1283: =C1283&"."&F1283&"."&I1283&"."&L1283 -> 1.13.320.1301 | B1283: =C1283&"."&F1283&"."&I1283 -> 1.13.320 | C1283: 1 | D1283: Educação - Referencial | E1283: Educação | F1283: 13 | G1283: Ensino Médio | H1283: Ensino Médio | I1283: 320 | J1283: Sem Modalidade | K1283: Sem Modalidade | L1283: 1301 | M1283: Anos Letivos | N1283: Anos Letivos | O1283: 271 | P1283: Total de Inscrições | Q1283: Clientes_Total | R1283: Não
A1284: =C1284&"."&F1284&"."&I1284&"."&L1284 -> 1.13.320.1301 | B1284: =C1284&"."&F1284&"."&I1284 -> 1.13.320 | C1284: 1 | D1284: Educação - Referencial | E1284: Educação | F1284: 13 | G1284: Ensino Médio | H1284: Ensino Médio | I1284: 320 | J1284: Sem Modalidade | K1284: Sem Modalidade | L1284: 1301 | M1284: Anos Letivos | N1284: Anos Letivos | O1284: 178 | P1284: Remanejamento - Trab. Comércio | Q1284: Remanejamento_comerciario | R1284: Não
... A1320: =C1320&"."&F1320&"."&I1320&"."&L1320 -> 1.13.320.1301 | B1320: =C1320&"."&F1320&"."&I1320 -> 1.13.320 | C1320: 1 | D1320: Educação - Referencial | E1320: Educação | F1320: 13 | G1320: Ensino Médio | H1320: Ensino Médio | I1320: 320 | J1320: Sem Modalidade | K1320: Sem Modalidade | L1320: 1301 | M1320: Anos Letivos | N1320: Anos Letivos | O1320: 411 | P1320: Percentual de Faltas | Q1320: Percentual de faltas | R1320: Não
A1321: =C1321&"."&F1321&"."&I1321&"."&L1321 -> 1.13.320.1301 | B1321: =C1321&"."&F1321&"."&I1321 -> 1.13.320 | C1321: 1 | D1321: Educação - Referencial | E1321: Educação | F1321: 13 | G1321: Ensino Médio | H1321: Ensino Médio | I1321: 320 | J1321: Sem Modalidade | K1321: Sem Modalidade | L1321: 1301 | M1321: Anos Letivos | N1321: Anos Letivos | O1321: 1004 | P1321: Vagas Ocupadas | Q1321: Vagas Ocupadas | R1321: Não
A1325: 5.53.320.53541
